 Dungeon Crawl Stone Soup version 0.29-a0-541-gaf1fc19f1b (webtiles) character file.

Game seed: 8981883731127844045

2564697 Majang the Archmage (level 27, 236/236 HPs)
             Began as a Barachi Ice Elementalist on May 24, 2022.
             Was the Champion of Vehumet.
             Escaped with the Orb
             ... and 5 runes on June 2, 2022!
             The game lasted 14:09:03 (112754 turns).

Majang the Archmage (Barachi Ice Elementalist)    Turns: 112754, Time: 14:09:03

Health: 236/236    AC: 13    Str: 18      XL:     27
Magic:  54/54      EV: 16    Int: 35      God:    Vehumet [******]
Gold:   8577       SH: 19    Dex:  7 (13) Spells: 1/80 levels left

rFire   + . .      SeeInvis +   b - staff of conjuration
rCold   . . .      Faith    .   U - +5 kite shield {reflect}
rNeg    + + +      Spirit   .   K - +2 robe {Archmagi}
rPois   +          Reflect  +   g - +2 helmet {Int+3}
rElec   +          Harm     .   Q - +2 cloak {rCorr}
rCorr   +          Rampage  .   S - +1 pair of gloves "Qexylur" {rElec Str+3}
Will    ++++.      Archmagi +   h - +0 pair of boots of Quantum Leap {Contam Will+++ Dex+3}
Stlth   +.........              m - amulet "Qewni" {Regen+ Int+6 Dex-3 Slay+4}
HPRegen 1.29/turn               I - ring of Uxtoef {Wiz rPois rN+++ Will- Slay-5}
MPRegen 0.34/turn               e - ring "Offusa" {rPois rF+ Str+2 SInv}

@: studying 7 skills, slow
A: amphibious, slowness 1, strong legs 2, +LOS, camouflage 1, MP-powered wands
0: Orb of Zot
}: 5/15 runes: decaying, serpentine, slimy, silver, golden
a: Hop, Renounce Religion


You escaped.
You worshipped Vehumet.
Vehumet was exalted by your worship.
You visited 14 branches of the dungeon, and saw 61 of its levels.
You visited the Abyss 1 time.
You completed 1 ziggurat, and saw 27 of its levels.
You also visited: Bailey, Gauntlet, Ice Cave and Wizlab.

You collected 12727 gold pieces.
You spent 4150 gold pieces at shops.

Inventory:

Armour
 g - a +2 helmet of intelligence (worn)
 h - the +0 pair of boots of Quantum Leap (worn) {Contam Will+++ Dex+3}
   (You found it on level 5 of the Vaults)

   Dex:       It affects your dexterity (+3).
   Contam:    It causes magical contamination when unequipped.
   Will:      It greatly increases your willpower.
 K - a +2 robe of the Archmagi (worn)
 Q - a +2 cloak of preservation (worn)
 S - the +1 pair of gloves "Qexylur" (worn) {rElec Str+3}
   (You acquired it in the Vestibule of Hell)

   Str:       It affects your strength (+3).
   rElec:     It insulates you from electricity.
 U - a +5 kite shield of reflection (worn)
Magical Staves
 a - a staff of fire
 b - a staff of conjuration (weapon)
 T - a staff of cold
Jewellery
 e - the ring "Offusa" (right hand) {rPois rF+ Str+2 SInv}
   (You found it on level 27 of a ziggurat)

   [ring of protection from fire]

   Str:       It affects your strength (+2).
   rF:        It protects you from fire.
   rPois:     It protects you from poison.
   SInv:      It lets you see invisible.
 m - the amulet "Qewni" (around neck) {Regen+ Int+6 Dex-3 Slay+4}
   (You acquired it in the Vestibule of Hell)

   [amulet of regeneration]

   Int:       It affects your intelligence (+6).
   Dex:       It affects your dexterity (-3).
   Slay:      It affects your accuracy & damage with ranged weapons and melee
   (+4).
   Regen:     It increases your rate of health regeneration.
 I - the ring of Uxtoef (left hand) {Wiz rPois rN+++ Will- Slay-5}
   (You took it off a tengu reaver on level 5 of the Vaults)

   [ring of wizardry]

   It improves your spell success rate.
   Slay:      It affects your accuracy & damage with ranged weapons and melee
   (-5).
   rPois:     It protects you from poison.
   rN:        It renders you almost immune to negative energy.
   Will:      It decreases your willpower.
 Z - the ring of Mistrust {Fly EV+4 Int+7}
   (You found it on level 26 of a ziggurat)

   [ring of evasion]

   EV:        It affects your evasion (+4).
   Int:       It affects your intelligence (+7).
   Fly:       It grants you flight.
Wands
 c - a wand of flame (144)
 t - a wand of charming (6)
 y - a wand of digging (20)
 R - a wand of acid (16)
Scrolls
 d - 45 scrolls of teleportation
 f - 24 scrolls of fog
 j - a scroll of enchant armour
 w - 21 scrolls of immolation
 C - 4 scrolls of summoning
 H - 3 scrolls of magic mapping
 O - 8 scrolls of blinking
Potions
 i - 3 potions of ambrosia
 k - 35 potions of curing
 l - 19 potions of might
 n - 17 potions of mutation
 o - 11 potions of magic
 p - 4 potions of resistance
 q - 5 potions of cancellation
 r - 5 potions of flight
 s - 3 potions of brilliance
 u - 15 potions of haste
 v - 10 potions of lignification
 x - 13 potions of heal wounds
 B - 7 potions of attraction
 V - 4 potions of invisibility
Miscellaneous
 A - a condenser vane
 D - a lightning rod (4/4)
 F - a tin of tremorstones (2/2)


   Skills:
 + Level 23.6 Fighting
 - Level 12.0 Staves
 + Level 18.9 Dodging
 - Level 1.7 Stealth
 + Level 20.4 Shields
 O Level 27 Spellcasting
 O Level 27 Conjurations
 * Level 24.9 Necromancy
 + Level 26.2 Fire Magic
 O Level 27 Ice Magic
 + Level 14.8 Evocations


You had one spell level left.
You knew the following spells:

 Your Spells              Type           Power      Damage    Failure   Level
a - Ozocubu's Armour      Ice            100%       N/A       0%          3
b - Fireball              Conj/Fire      88%        3d32      0%          5
d - Orb of Destruction    Conj           88%        9d19      0%          7
f - Fire Storm            Conj/Fire      88%        8d22      1%          9
h - Hailstorm             Conj/Ice       100%       3d20      0%          4
i - Ignition              Fire           74%        3d19      1%          8
o - Ozocubu's Refrigerat  Ice            75%        4d20      0%          7
r - Frozen Ramparts       Ice            100%       1d12      0%          3
s - Starburst             Conj/Fire      88%        6d22      0%          6
v - Polar Vortex          Ice            75%        N/A       1%          9
y - Apportation           Tloc           100%       N/A       1%          1
B - Borgnjor's Revivific  Necr           73%        N/A       1%          8
D - Death's Door          Necr           73%        N/A       1%          9

Your spell library contained the following spells:

 Spells                   Type           Power      Damage    Failure   Level
 Shatter                  Erth           31%        3d26*     100%        9
 Foxfire                  Conj/Fire      100%       2x1d9     0%          1
 Freeze                   Ice            100%       1d11      0%          1
 Magic Dart               Conj           100%       1d8       0%          1
 Necrotize                Necr           100%       1d9       0%          1
 Shock                    Conj/Air       100%       1d9       0%          1
 Beastly Appendage        Tmut           100%       N/A       1%          1
 Sandblast                Erth           100%       2d20      1%          1
 Slow                     Hex            100%       N/A       1%          1
 Sting                    Tmut/Pois      100%       1d8       1%          1
 Summon Small Mammal      Summ           100%       N/A       1%          1
 Ensorcelled Hibernation  Hex/Ice        100%       N/A       0%          2
 Scorch                   Fire           100%       2d10      0%          2
 Searing Ray              Conj           100%       2d8       0%          2
 Static Discharge         Conj/Air       100%       N/A       0%          2
 Sublimation of Blood     Necr           100%       N/A       0%          2
 Conjure Flame            Conj/Fire      100%       6-21      0%          3
 Dazzling Flash           Conj/Hex       100%       N/A       0%          3
 Inner Flame              Hex/Fire       100%       N/A       0%          3
 Stone Arrow              Conj/Erth      100%       3d13      0%          3
 Vampiric Draining        Necr           100%       2d13      0%          3
 Animate Dead             Necr           100%       N/A       0%          4
 Dispel Undead            Necr           100%       3d31      0%          4
 Flame Wave               Conj/Fire      100%       2d17      0%          4
 Fulminant Prism          Conj/Hex       72%        3d30      0%          4
 Ice Form                 Ice/Tmut       100%       N/A       0%          4
 Iskenderun's Mystic Bla  Conj/Tloc      100%       2d19      0%          4
 Sticky Flame             Conj/Fire      100%       2d11      0%          4
 Summon Ice Beast         Ice/Summ       100%       N/A       0%          4
 Agony                    Necr           100%       N/A       0%          5
 Freezing Cloud           Conj/Ice/Air   78%        6-21      0%          5
 Iskenderun's Battlesphe  Conj           100%       2d15      0%          5
 Death Channel            Necr           73%        N/A       0%          6
 Simulacrum               Ice/Necr       74%        N/A       0%          6
 Blink                    Tloc           100%       N/A       1%          2
 Call Imp                 Summ           63%        N/A       1%          2
 Passwall                 Tmut/Erth      52%        N/A       1%          2
 Poisonous Vapours        Pois/Air       100%       N/A       1%          2
 Wereblood                Tmut           63%        N/A       1%          2
 Call Canine Familiar     Summ           63%        N/A       1%          3
 Confusing Touch          Hex            63%        N/A       1%          3
 Gell's Gravitas          Tloc           63%        N/A       1%          3
 Ignite Poison            Fire/Tmut/Pois 100%       N/A       1%          3
 Lesser Beckoning         Tloc           63%        N/A       1%          3
 Mephitic Cloud           Conj/Pois/Air  100%       N/A       1%          3
 Portal Projectile        Hex/Tloc       100%       N/A       1%          3
 Spider Form              Tmut/Pois      63%        N/A       1%          3
 Summon Guardian Golem    Hex/Summ       63%        N/A       1%          3
 Swiftness                Air            63%        N/A       1%          3
 Teleport Other           Tloc           63%        N/A       1%          3
 Tukima's Dance           Hex            63%        N/A       1%          3
 Airstrike                Air            31%        N/A       1%          4
 Anguish                  Hex/Necr       58%        N/A       1%          4
 Corpse Rot               Necr/Pois/Air  100%       N/A       1%          4
 Olgreb's Toxic Radiance  Pois           63%        N/A       1%          4
 Borgnjor's Vile Clutch   Necr/Erth      58%        N/A       1%          5
 Irradiate                Conj/Tmut      72%        3d37      1%          5
 Lee's Rapid Deconstruct  Erth           31%        3d17*     1%          5
 Lightning Bolt           Conj/Air       72%        1d97      1%          5
 Metabolic Englaciation   Hex/Ice        59%        N/A       1%          5
 Yara's Violent Unravell  Hex/Tmut       31%        3d13      1%          5
 Conjure Ball Lightning   Conj/Air       72%        3x3d27    1%          6
 Iron Shot                Conj/Erth      72%        9d13      1%          6
 Haunt                    Necr/Summ      58%        N/A       1%          7
 Spellforged Servitor     Conj/Summ      72%        N/A       1%          7
 Infestation              Necr           73%        N/A       1%          8
 Lehudib's Crystal Spear  Conj/Erth      72%        10d16     1%          8
 Animate Armour           Summ/Erth      100%       N/A       2%          4
 Cause Fear               Hex            31%        N/A       2%          4
 Leda's Liquefaction      Hex/Erth       31%        N/A       2%          4
 Passage of Golubria      Tloc           63%        N/A       2%          4
 Petrify                  Tmut/Erth      63%        N/A       2%          4
 Summon Lightning Spire   Summ/Air       63%        N/A       2%          4
 Alistair's Intoxication  Tmut/Pois      42%        N/A       6%          5
 Blade Hands              Tmut           31%        N/A       6%          5
 Manifold Assault         Tloc           63%        N/A       6%          5
 Silence                  Hex/Air        31%        N/A       6%          5
 Summon Forest            Summ/Tloc      31%        N/A       6%          5
 Summon Mana Viper        Hex/Summ       63%        N/A       6%          5
 Eringya's Noxious Bog    Tmut/Pois      31%        N/A       10%         6
 Necromutation            Tmut/Necr      58%        N/A       10%         8
 Chain Lightning          Conj/Air       72%        3d96      24%         9
 Dispersal                Tloc           31%        N/A       32%         6
 Statue Form              Tmut/Erth      42%        N/A       32%         6
 Summon Cactus Giant      Summ           31%        N/A       32%         6
 Dragon Form              Tmut           31%        N/A       86%         7
 Enfeeble                 Hex            31%        N/A       86%         7
 Malign Gateway           Summ/Tloc      31%        N/A       86%         7
 Monstrous Menagerie      Summ           31%        N/A       86%         7
 Storm Form               Tmut/Air       31%        N/A       86%         7
 Summon Hydra             Summ           31%        N/A       86%         7
 Maxwell's Capacitive Co  Air            31%        ∞         95%         8
 Discord                  Hex            31%        N/A       100%        8
 Disjunction              Tloc           31%        N/A       100%        8
 Summon Horrible Things   Summ           31%        N/A       100%        8
 Dragon's Call            Summ           31%        N/A       100%        9


Dungeon Overview and Level Annotations

Branches:
Dungeon (15/15)            Temple (1/1) D:5            Lair (6/6) D:10
  Swamp (4/4) Lair:3        Snake (4/4) Lair:4        Slime (5/5) Lair:5
    Orc (2/2) D:9             Elf (3/3) Orc:2        Vaults (5/5) D:13
  Crypt (3/3) Vaults:2       Tomb (3/3) Crypt:3      Depths (4/4) D:15
   Hell (visited)             Dis (0/7) Hell            Geh (0/7) Hell
    Coc (0/7) Hell            Tar (0/7) Hell            Zot (5/5) Depths:4
 Bailey (visited)           IceCv (visited)          WizLab (visited)
Gauntlet (visited)

Altars:
Ashenzari
Cheibriados
Dithmenos
Elyvilon
Fedhas
Gozag
Hepliaklqana
Kikubaaqudgha
Makhleb
Nemelex Xobeh
Okawaru
Qazlal
Ru
Sif Muna
Trog
Uskayaw
Vehumet
Wu Jian
Xom
Yredelemnul
Zin
The Shining One
Beogh
Jiyva

Shops:
D:4 (   D:13 [   D:14 *   Orc:2 *[!==:[   Elf:2 =:=   Elf:3 *   Snake:4 ?*
Vaults:1 :   Vaults:3 ((   Vaults:4 (   Zot:4 *   Depths:1 [   Depths:2 [

Portals:
Hell: Depths:1 Depths:2 Depths:3 Depths:4
Abyss: Depths:2 Depths:3
Pandemonium: Depths:2 Depths:3 Depths:4


Innate Abilities, Weirdness & Mutations

You are amphibious.
You cover ground slowly.
You can hop long distances.
You have an extended range of vision and can be seen from far away.
Your skin changes colour to match your surroundings (Stealth+).
You expend magic power (3 MP) to strengthen your wands.


Message History

A mysterious force pulls you upwards. The hatch slams shut behind you.
Aiming: Dig
Press: ? - help, Shift-Dir - straight line A rock wall.
This square is covered in magical glow.
You feel a surge of power!
The rock shatters into small pieces.
Unknown command.
There is a stone staircase leading up here.
You climb upwards.
There is a stone staircase leading down here.
An Ice Fiend comes into view.
The Ice Fiend moves out of view.
There is an open door here.
Casting: Orb of Destruction (safe; 0% risk of failure)
Confirm with . or Enter, or press ? or * to list all spells.
Aiming: Fire Storm (mildly dangerous; 1% risk of failure)
Press: ? - help, Dir - move target You feel a strong surge of power!
A raging storm of fire appears!
The great blast of fire engulfs the Ice Fiend!!!!
The Ice Fiend is burned terribly!
You kill the Ice Fiend!
Vehumet accepts your kill.
There is a stone staircase leading up here.
You start resting.
Magic restored.
You climb upwards.
There is a stone staircase leading down here.
Casting: Fire Storm (mildly dangerous; 1% risk of failure)
Confirm with . or Enter, or press ? or * to list all spells.
Okay, then.
Hit: b) staff of conjuration
Press: ? - help, Dir - move target
Okay, then.
Aiming: Dig
Press: ? - help, Shift-Dir - straight line A rock wall.
This square is covered in magical glow.
You feel a surge of power!
The rock shatters into small pieces.
There is a staircase leading out of the dungeon here.
You have escaped!

...# #.......#####.# ...#
######### #.# ...#
##############.# ...#
#...........##.# ...#
#...........##.#
...########...........##.#
......................##.#
###########...........##.#
#..'.....@.....'..#
#.##...........####
#.##...........#
########.##...........#
.........##...........#
........###...........#
........# #############
........# #########


There were no monsters in sight!

Vanquished Creatures
  Dissolution (Slime:3)
  the Royal Jelly (Slime:5)
  22 pandemonium lords
  6 dread liches
  Khufu (Tomb:3)
  7 ancient liches
  Mara (Depths:1)
  6 orbs of fire
  10 juggernauts
  Mennas (Crypt:1)
  32 royal mummies
  Sojobo (Depths:2)
  Parghit (Zot:4)
  A curse toe (Zot:4)
  22 Killer Klowns
  Saint Roka (Depths:2)
  Frederick (Crypt:1)
  9 caustic shrikes
  Xtahua (Depths:4)
  6 golden dragons
  Geryon (Hell)
  Jory (Vaults:4)
  A golden dragon (shapeshifter) (Zig:19)
  Nikola (Vaults:1)
  the Enchantress (Depths:2)
  3 profane servitors
  8 Brimstone Fiends
  5 Tzitzimimeh
  11 bone dragons
  The ghost of Dwachs the Slayer, an adept MiGl of Okawaru (Vaults:4)
  3 iron giants (Zig:14)
  13 hellephants
  A doom hound (Hell)
  2 electric golems (Zot:5)
  Rupert (D:15)
  13 tentacled monstrosities
  9 Hell Sentinels
  5 Ice Fiends
  21 Orb Guardians
  A walking earthen tome (Depths:3)
  A walking divine tome (Depths:3)
  2 deep elf blademasters
  14 searing wretches (Zig:25)
  19 liches
  22 acid blobs
  3 quicksilver dragons
  A quicksilver dragon (shapeshifter) (Zig:20)
  6 titans
  9 deep elf master archers
  8 tentacled starspawn
  A walking frostbound tome (Depths:3)
  4 Executioners
  15 ancient champions
  A sphinx (shapeshifter) (Zig:20)
  4 death cobs
  An eldritch tentacle (Zig:20)
  12 sphinxes
  2 thorn hunters
  2 draconian monks
  Roxanne (Swamp:4)
  11 rockslimes
  10 tengu reavers
  The ghost of Zucuh the Fencer, an adept DrGl of Ashenzari (Depths:2)
  10 storm dragons
  6 demonspawn warmongers (Zig:23)
  15 shadow dragons
  12 nagarajas
  3 azure jellies (shapeshifter)
  16 fire giants
  9 revenants
  13 azure jellies
  A nargun (Zig:3)
  7 frost giants
  7 iron dragons
  7 emperor scorpions
  2 quicksilver elementals (Zig:14)
  3 draconian knights
  10 vault wardens
  12 deep elf sorcerers
  3 draconian scorchers
  Aizul (Vaults:2)
  3 draconian stormcallers
  13 ghost moths
  5 cacodemons
  5 deep elf elementalists (Elf:3)
  2 juggernaut zombies
  14 orc warlords
  5 draconian shifters
  18 balrugs
  5 curse skulls
  16 ironbound preservers
  9 reapers
  5 spriggan defenders
  4 war gargoyles
  10 bennus
  6 draconian annihilators
  2 demonspawn blood saints (Zig:23)
  21 stone giants
  20 ghouls
  4 demonspawn corrupters
  The ghost of Meag the Thaumaturge, a journeyman DjFE of Jiyva (Lair:5)
  2 broodmothers (Zig:21)
  32 very ugly things
  17 quicksilver oozes
  2 eleionomae
  9 deep elf demonologists
  7 green draconians
  12 vampire knights
  9 ironbound thunderhulks
  6 lorocyprocas
  A minotaur (Gauntlet)
  10 purple draconians
  15 black draconians
  9 yellow draconians
  13 red draconians
  7 entropy weavers
  6 white draconians
  13 spark wasps
  6 deep elf annihilators
  A dire elephant (shapeshifter) (D:13)
  9 bunyips
  17 eidola
  13 dire elephants
  7 iron golems
  14 fire dragons
  2 crystal guardians
  3 blizzard demons
  9 merfolk javelineers
  12 deep elf death magi
  5 green deaths
  10 ettins
  12 great orbs of eyes
  13 yaktaur captains
  3 jiangshi
  20 mummy priests
  3 merfolk impalers (Zig:18)
  8 deep elf high priests
  4 shambling mangroves
  Josephine (Orc:1)
  2 rakshasas (Depths:3)
  3 spriggan zombies
  2 peacekeepers (Vaults:4)
  5 ghost crabs
  42 hydras
  7 spriggan air magi
  2 juggernaut simulacra
  2 spriggan skeletons
  3 hell beasts
  31 vault guards
  A quicksilver dragon skeleton (Crypt:2)
  10 boulder beetles
  13 ice dragons
  8 two-headed ogres
  5 radroaches
  The ghost of generaletaddeo the Quickloader, a journeyman FoAM of Dithmenos (D:11)
  A merfolk avatar (Zig:18)
  7 salamander tyrants
  5 catoblepae
  11 ironbound frosthearts
  20 anacondas
  An anaconda (shapeshifter) (Zig:20)
  11 naga warriors
  15 centaur warriors
  3 ogre magi
  A stoker (Zig:25)
  6 death knights
  A fenstrider witch skeleton (Crypt:2)
  3 satyrs
  13 alligators
  31 dancing weapons
  63 death scarabs
  17 death yaks
  A merfolk aquamancer (Zig:18)
  11 spriggan berserkers
  6 deep troll earth magi
  3 titan zombies (Crypt:3)
  8 hell hogs
  4 deep troll shamans
  4 orc high priests (Zig:24)
  12 tengu warriors
  5 shock serpents
  12 vampire magi
  Urug (Orc:2)
  10 soul eaters
  21 naga sharpshooters
  19 deep elf knights
  Sonja (Lair:1)
  4 crystal echidnas
  14 spriggans
  7 sun demons
  45 skeletal warriors
  5 wretched stars (Zig:27)
  2 sixfirhies
  22 hell knights
  7 shadow wraiths
  A spark wasp zombie (Depths:3)
  4 death drakes
  5 iron trolls
  6 fire crabs (Zig:15)
  5 salamander mystics
  7 sea snakes
  A shadow demon (Zig:23)
  The ghost of Sekuso the Slinger, a novice SpHu of Zin (D:8)
  5 spatial maelstroms
  A cherub (D:10)
  42 deep trolls
  3 steelbarb worms
  A goliath frog (Swamp:1)
  A swamp dragon (shapeshifter) (Zig:20)
  A sea snake (shapeshifter) (Vaults:3)
  16 starcursed masses
  6 orb spiders (Zig:21)
  5 spriggan druids
  15 swamp dragons
  18 bog bodies
  7 orc knights
  9 flayed ghosts
  A lindwurm (shapeshifter) (Vaults:5)
  5 lindwurms (Vaults:1)
  6 naga ritualists
  3 orange crystal statues (Hell)
  20 deep elf archers
  6 glowing orange brains
  24 ironbound convokers
  28 phantasmal warriors
  A tengu zombie (Tomb:2)
  35 deep elf zephyrmancers
  2 iron dragon zombies
  18 necromancers
  The ghost of atomjack2 the Covert, a novice VSMo of Wu Jian (D:7)
  An anaconda skeleton (Tomb:1)
  17 wizards
  A fire giant zombie (Depths:2)
  2 mana vipers (shapeshifter)
  6 manticores
  32 deep elf pyromancers
  A sphinx zombie (Depths:2)
  A shining eye (shapeshifter) (Vaults:5)
  58 ugly things
  6 mana vipers
  10 spectral spriggans (Swamp:1)
  6 shining eyes
  26 moths of wrath
  5 will-o-the-wisps
  13 wolf spiders
  4 cyclopes
  6 orc sorcerers
  A faun (shapeshifter) (Depths:2)
  3 shadow dragon skeletons
  3 worldbinders (Zig:27)
  A manticore (shapeshifter) (Zig:11)
  A stone giant skeleton (Depths:2)
  The ghost of 101zpm the Magician, a novice DjFE of Hepliaklqana (D:6)
  2 oklob plants (Lair:2)
  16 salamanders
  A spectral centaur (D:11)
  3 rust devils
  2 ice statues (IceCv)
  2 dire elephant zombies (Crypt:3)
  21 vault sentinels
  14 naga magi
  37 black mambas
  17 torpor snails
  3 centaur zombies
  10 elephants
  14 smoke demons
  5 eyes of devastation
  8 apocalypse crabs
  An alligator snapping turtle zombie (Tomb:2)
  3 gargoyles (Zig:13)
  A dire elephant skeleton (Crypt:1)
  14 guardian serpents
  8 unseen horrors (Crypt:2)
  9 hellions
  An elephant slug zombie (Crypt:2)
  18 cane toads
  An orb spider zombie (Crypt:2)
  A purple draconian zombie (Crypt:1)
  7 rime drakes
  10 tormentors
  9 freezing wraiths
  18 komodo dragons
  24 yaktaurs
  3 demonic crawlers
  6 tengu conjurers
  7 efreet
  A kobold demonologist (D:9)
  3 entropy weaver simulacra (IceCv)
  2 anaconda simulacra (IceCv)
  4 ancient zymes (Zig:27)
  10 ice devils
  2 unseen horrors (shapeshifter)
  2 hydra zombies (Crypt:3)
  39 guardian mummies
  4 hellwings
  5 bloated husks
  13 meliai
  A sea snake skeleton (Crypt:1)
  2 harpy zombies
  6 tyrant leeches
  A queen bee (Lair:5)
  9 trolls
  A merfolk (shapeshifter) (Zig:11)
  2 polar bears
  A harpy skeleton (Hell)
  A tarantella (Zig:21)
  28 hornets
  A slime creature (shapeshifter) (Vaults:5)
  A boulder beetle zombie (Crypt:2)
  5 raiju
  A tarantella (shapeshifter) (Zig:11)
  126 slime creatures
  28 blink frogs
  An alligator zombie (Crypt:1)
  7 dream sheep
  A raiju (shapeshifter) (Depths:3)
  2 dream sheep (shapeshifter)
  Grinder (D:5)
  2 snapping turtles (Zig:18)
  2 ettin zombies
  A satyr zombie (Crypt:2)
  A jumping spider (shapeshifter) (Zig:19)
  4 air elementals
  4 jumping spiders
  6 fire dragon skeletons
  A centaur simulacrum (D:11)
  2 culicivoras
  33 flying skulls
  7 vampires
  5 shadows
  2 dire elephant simulacra (IceCv)
  2 ynoxinuls (Zig:27)
  8 water elementals
  11 small abominations
  10 wraiths
  6 wyverns
  21 large abominations
  20 ushabtiu
  6 fire elementals
  20 humans (D:13)
  A satyr skeleton (Crypt:2)
  56 yaks
  7 basilisks
  2 chaos spawn
  4 neqoxecs
  A redback (shapeshifter) (Depths:1)
  9 redbacks
  A steam dragon (D:6)
  13 vampire mosquitoes
  A catoblepas simulacrum (Crypt:1)
  9 golden eyes
  8 wargs
  16 swamp worms
  4 harpy simulacra
  2 acid dragons
  An acid dragon (shapeshifter) (D:13)
  3 two-headed ogre zombies (WizLab)
  Duvessa (D:6)
  7 hell hounds
  36 nagas
  2 floating eyes
  24 water moccasins
  6 black bears
  10 swamp drakes
  48 orc warriors
  2 ice beasts
  A black mamba simulacrum (Hell)
  20 wolves
  A sky beast (D:6)
  A hog zombie (Crypt:2)
  15 ogres
  4 boggarts (D:14)
  A manticore skeleton (Crypt:2)
  23 centaurs
  A phantom (D:7)
  2 kobold brigands
  20 bullfrogs
  5 earth elementals
  9 gnoll sergeants
  A naga simulacrum (Hell)
  13 necrophages (Crypt:3)
  A deep troll simulacrum (Crypt:1)
  6 scorpions
  A water moccasin zombie (Crypt:2)
  5 wyvern skeletons (Crypt:3)
  11 wights
  9 troll zombies (WizLab)
  Dowan (D:6)
  2 elephant simulacra (IceCv)
  19 killer bees
  4 howler monkeys
  A wolf zombie (Crypt:1)
  3 electric eels
  A quasit (Abyss:2)
  4 crimson imps
  An iron imp (Abyss:3)
  12 hounds
  9 gnoll shamans
  2 human zombies
  11 jellies
  17 orc priests
  8 iguanas
  22 orc wizards
  6 hell rats (Hell)
  A troll simulacrum (IceCv)
  6 ogre zombies (WizLab)
  40 mummies
  28 gnolls
  18 adders
  7 white imps
  3 ufetubi
  3 worms
  4 dart slugs
  71 orcs
  10 ball pythons
  5 bats
  3 endoplasms
  7 giant cockroaches
  17 goblins
  7 hobgoblins
  A jackal (D:5)
  11 kobolds
  2 quokkas
  10 frilled lizards
  An orc zombie (Crypt:1)
  8 rats
  189 fire vortices
  4 foxfires (Swamp:1)
  5 starspawn tentacles
3904 creatures vanquished.

Vanquished Creatures (collateral kills)
  2 juggernauts (Zig:24)
  2 royal mummies (Tomb:1)
  2 golden dragons
  A walking earthen tome (Depths:3)
  A walking divine tome (Depths:3)
  6 Orb Guardians (Zot:5)
  A quicksilver dragon (Zot:2)
  2 titans (Vaults:5)
  A lich (Crypt:2)
  2 acid blobs
  2 sphinxes
  3 shadow dragons
  A tengu reaver (Vaults:5)
  A storm dragon (Zot:5)
  A draconian monk (Zig:6)
  A fenstrider witch (Zig:17)
  A draconian shifter (Zot:2)
  An emperor scorpion (Zig:21)
  A frost giant (Vaults:5)
  An iron dragon (Depths:3)
  A ghoul (Zig:26)
  A draconian annihilator (Zot:5)
  A stone giant (Depths:3)
  A vampire knight (Depths:2)
  2 black draconians
  2 green draconians
  A demonspawn black sun (Zig:23)
  A deep elf demonologist (Elf:3)
  A white draconian (Zot:5)
  A purple draconian (Zot:3)
  3 yellow draconians
  Nessos (Lair:4)
  An entropy weaver (Zig:21)
  3 eidola
  A great orb of eyes (Slime:4)
  A merfolk impaler (Zig:18)
  A quicksilver dragon skeleton (Crypt:2)
  An ice dragon (Depths:3)
  A hydra (shapeshifter) (Depths:3)
  A shadow wraith (Vaults:5)
  3 skeletal warriors
  A shadow demon (Zig:23)
  An iron troll (Zig:24)
  A spriggan druid (Zig:17)
  A phantasmal warrior (Crypt:2)
  An orc knight (Vaults:4)
  A centaur zombie (Crypt:3)
  A wolf spider (Zig:21)
  A yaktaur (Vaults:5)
  A queen bee (shapeshifter) (Zig:20)
  4 slime creatures
  A water elemental (Zig:18)
  3 golden eyes
  A chaos spawn (Zig:19)
  A floating eye (Depths:3)
  4 starcursed masses (Zig:27)
  A centaur (Orc:2)
  2 necrophages (Crypt:2)
  A jelly (Slime:4)
  A mummy (Tomb:1)
  A howler monkey skeleton (Crypt:1)
  An orc (Orc:2)
  4 foxfires (Lair:2)
96 creatures vanquished.

Vanquished Creatures (others)
  A Killer Klown (Zig:20)
  A death cob (Zot:3)
  An eleionoma (Zig:17)
  A bunyip (Zig:17)
  A ghost crab (Zig:17)
  A deep troll (shapeshifter) (Zig:20)
  An ugly thing (Zig:20)
  2 tyrant leeches (Swamp:1)
  A water elemental (Zig:16)
  3 chaos spawn (Zig:20)
  A small abomination (Zig:27)
  A tengu (shapeshifter) (Zig:20)
  A quokka (Depths:4)
  A demonic plant (Gauntlet)
  1273 fire vortices
  646 foxfires
  26 fungi
  71 plants
  8 starspawn tentacles
  25 withered plants (Crypt:3)
2066 creatures vanquished.

Grand Total: 6066 creatures vanquished

Notes
Turn   | Place    | Note
-------+----------+-------------------------------------------
     0 | D:1      | Majang the Barachi Ice Elementalist began the quest for the
                  | Orb.
     0 | D:1      | Reached XP level 1. HP: 13/13 MP: 3/3
    22 | D:1      | You fall into a shaft and drop 1 floor!
    22 | D:2      | Found a faded altar of an unknown god.
   128 | D:1      | Reached skill level 5 in Ice Magic
   390 | D:1      | Reached XP level 2. HP: 19/19 MP: 3/5
   922 | D:1      | Reached XP level 3. HP: 24/24 MP: 4/7
  1042 | D:1      | Learned a level 3 spell: Ozocubu's Armour
  1046 | D:1      | Learned a level 3 spell: Frozen Ramparts
  1541 | D:2      | Reached skill level 1 in Fighting
  1836 | D:2      | Reached XP level 4. HP: 32/32 MP: 4/8
  2072 | D:2      | Reached skill level 1 in Staves
  2837 | D:3      | Reached XP level 5. HP: 37/37 MP: 7/10
  2931 | D:3      | Reached skill level 1 in Conjurations
  2931 | D:3      | Reached skill level 1 in Evocations
  3383 | D:3      | Learned a level 4 spell: Sticky Flame
  4262 | D:4      | Reached XP level 6. HP: 44/44 MP: 6/12
  4362 | D:4      | Reached skill level 1 in Fire Magic
  4634 | D:4      | Found a broken altar of Ashenzari.
  4748 | D:4      | Found Yqebb's Weapon Boutique.
  5021 | D:4      | Noticed a black bear
  5224 | D:4      | Killed a black bear
  5225 | D:4      | Reached XP level 7. HP: 51/51 MP: 4/13
  5373 | D:4      | Upgraded the game from 0.29-a0-474-gdfe5cd140f to
                  | 0.29-a0-477-g62b78b4225
  5386 | D:5      | Entered Level 5 of the Dungeon
  5798 | D:5      | Reached skill level 5 in Spellcasting
  5798 | D:5      | Reached XP level 8. HP: 58/58 MP: 10/15
  5876 | D:5      | Noticed a hornet
  5932 | D:5      | Killed a hornet
  6049 | D:5      | Learned a level 4 spell: Hailstorm
  6349 | D:5      | Noticed Grinder
  6373 | D:5      | Killed Grinder
  6374 | D:5      | Reached XP level 9. HP: 63/65 MP: 13/18
  6823 | D:5      | Found a staircase to the Ecumenical Temple.
  6831 | Temple   | Entered the Ecumenical Temple
  6855 | Temple   | Became a worshipper of Vehumet
  7175 | D:6      | Reached skill level 5 in Dodging
  7205 | D:6      | Reached * piety under Vehumet
  7205 | D:6      | Offered knowledge of Shock by Vehumet.
  7206 | D:6      | Noticed a white ugly thing
  7585 | D:6      | Found an ancient bone altar of Kikubaaqudgha.
  7601 | D:6      | Found a stormy altar of Qazlal.
  7619 | D:6      | Killed a white ugly thing
  7620 | D:6      | Reached skill level 5 in Fighting
  7620 | D:6      | Reached XP level 10. HP: 40/74 MP: 20/20
  7928 | D:6      | Reached skill level 5 in Staves
  8163 | D:6      | Noticed Duvessa
  8163 | D:6      | Noticed Dowan
  8172 | D:6      | Killed Duvessa
  8173 | D:6      | Killed Dowan
  8351 | D:6      | Reached skill level 5 in Evocations
  8364 | D:6      | Found a runed translucent door.
  8411 | D:6      | Found a shimmering altar of Xom.
  8411 | D:6      | Noticed 101zpm's ghost (novice DjFE)
  8413 | D:6      | Noticed a +2 rapier of chaos
  8623 | D:7      | Reached skill level 5 in Conjurations
  8684 | D:7      | Identified a scroll of acquirement
  8684 | D:7      | Acquired Majang's Volume of Confrontation
  8691 | D:7      | Learned a level 4 spell: Flame Wave
  8866 | D:7      | Offered knowledge of Sandblast by Vehumet.
  9007 | D:7      | Reached ** piety under Vehumet
  9406 | D:7      | Found a runed translucent door.
  9422 | D:7      | Found an ornate altar of the Wu Jian Council.
  9746 | D:7      | Noticed atomjack2's ghost (novice VSMo)
 10082 | D:7      | Reached skill level 5 in Fire Magic
 10383 | D:7      | Killed atomjack2's ghost
 10457 | D:8      | Noticed a two-headed ogre
 10821 | D:8      | Killed a two-headed ogre
 10996 | D:8      | Reached XP level 11. HP: 81/81 MP: 12/23
 11439 | D:8      | Found a runed translucent door.
 11451 | D:8      | Noticed Sekuso's ghost (novice SpHu)
 11920 | D:8      | Killed Sekuso's ghost
 12053 | D:9      | Noticed a boulder beetle
 12353 | D:9      | Noticed a wizard
 12360 | D:9      | Killed a wizard
 12386 | D:9      | Identified the +1 robe "Bodghaha" {rPois}
 12411 | D:9      | Killed a boulder beetle
 12555 | D:9      | Noticed a cyclops
 12569 | D:9      | Killed a cyclops
 12641 | D:9      | Found a staircase to the Orcish Mines.
 12684 | D:9      | Offered knowledge of Static Discharge by Vehumet.
 12731 | D:9      | Reached *** piety under Vehumet
 13013 | D:9      | Found a basalt altar of Yredelemnul.
 13040 | D:10     | Entered Level 10 of the Dungeon
 13163 | D:10     | Found a flagged portal.
 13170 | Bailey   | Entered a bailey
 13415 | Bailey   | Offered knowledge of Airstrike by Vehumet.
 13824 | Bailey   | Reached **** piety under Vehumet
 13825 | Bailey   | Identified the ring "Fedeklei" {Fly Str+5 Dex-2 Slay+4
                  | SInv}
 13860 | Bailey   | Offered knowledge of Stone Arrow by Vehumet.
 14039 | D:10     | Paralysed by a hornet for 1 turns
 14326 | D:10     | Reached XP level 12. HP: 91/91 MP: 16/25
 14366 | D:10     | Found a staircase to the Lair.
 14646 | D:10     | Found an iron altar of Okawaru.
 14762 | Lair:1   | Entered Level 1 of the Lair of Beasts
 14880 | Lair:1   | Found a gate leading to a gauntlet.
 14887 | Gauntlet | Entered a Gauntlet
 14887 | Gauntlet | Found a transporter.
 14887 | Gauntlet | Found a runed translucent gate.
 14887 | Gauntlet | Found a runed translucent gate.
 14892 | Gauntlet | Found a runed translucent gate.
 14894 | Gauntlet | Found a transporter.
 14897 | Gauntlet | Found a transporter.
 14898 | Gauntlet | Found a transporter.
 14906 | Gauntlet | Found a transporter.
 14910 | Gauntlet | Found a transporter.
 14910 | Gauntlet | Found a transporter.
 14918 | Gauntlet | Noticed an eight-headed hydra
 14919 | Gauntlet | Found a transporter.
 14921 | Gauntlet | Found a transporter.
 14922 | Gauntlet | Found a transporter.
 14926 | Gauntlet | Noticed a wretched star
 14932 | Gauntlet | Found a transporter.
 14933 | Gauntlet | Found a transporter.
 14934 | Gauntlet | Found a transporter.
 14941 | Gauntlet | Noticed a quicksilver ooze
 14942 | Gauntlet | Found a transporter.
 15320 | Gauntlet | Killed an eight-headed hydra
 15321 | Gauntlet | Reached skill level 10 in Spellcasting
 15591 | Gauntlet | Identified the +0 hat of Hedging {rElec rPois rC+ rCorr
                  | Str-4}
 15688 | Gauntlet | Noticed a minotaur
 15708 | Gauntlet | Killed a minotaur
 15708 | Gauntlet | Reached ***** piety under Vehumet
 15802 | Gauntlet | Identified the +10 battleaxe "Xanacae" {holy, Dex+3}
 15817 | Lair:1   | Offered knowledge of Lightning Bolt by Vehumet.
 15904 | Lair:1   | Noticed Sonja
 15914 | Lair:1   | Killed Sonja
 15991 | Lair:1   | Noticed a boulder beetle
 16234 | Lair:1   | Found a transporter.
 16235 | Lair:1   | Found a transporter.
 16235 | Lair:1   | Noticed a boulder beetle
 16813 | Lair:2   | Reached skill level 10 in Ice Magic
 16875 | Lair:2   | Paralysed by a floating eye for 2 turns
 17077 | Lair:2   | Gained mutation: You can hop long distances. [Barachi
                  | growth]
 17077 | Lair:2   | Reached XP level 13. HP: 99/99 MP: 17/27
 17602 | Lair:2   | Learned a level 1 spell: Foxfire
 18960 | Lair:3   | Found a staircase to the Swamp.
 20240 | Lair:4   | Found a snail-covered altar of Cheibriados.
 20628 | Lair:4   | Found a staircase to the Snake Pit.
 20845 | Lair:4   | Noticed Nessos
 20851 | Lair:4   | Killed Nessos
 21333 | Lair:4   | Upgraded the game from 0.29-a0-477-g62b78b4225 to
                  | 0.29-a0-486-ga88943ba61
 21541 | Lair:5   | Reached XP level 14. HP: 68/108 MP: 26/29
 21714 | Lair:5   | Noticed Meag's ghost (journeyman DjFE)
 22031 | Lair:5   | Found a transporter.
 22038 | Lair:5   | Found a transporter.
 22534 | Lair:5   | Found a viscous altar of Jiyva.
 22534 | Lair:5   | Found a staircase to the Slime Pits.
 23110 | Lair:5   | Killed Meag's ghost
 23176 | Lair:6   | Entered Level 6 of the Lair of Beasts
 23435 | Lair:6   | Reached skill level 10 in Fighting
 23505 | Lair:6   | Offered knowledge of Iskenderun's Battlesphere by Vehumet.
 23512 | Lair:6   | Learned a level 5 spell: Iskenderun's Battlesphere
 24457 | Lair:6   | Reached skill level 10 in Dodging
 24802 | Lair:6   | Reached XP level 15. HP: 99/117 MP: 18/31
 25401 | Orc:1    | Entered Level 1 of the Orcish Mines
 25401 | Orc:1    | Noticed Josephine
 25409 | Orc:1    | Killed Josephine
 25793 | Orc:2    | Entered Level 2 of the Orcish Mines
 25812 | Orc:2    | Reached skill level 10 in Staves
 25825 | Orc:2    | Reached skill level 10 in Conjurations
 25861 | Orc:2    | Found a frozen archway.
 25966 | IceCv    | Entered an ice cave
 25969 | IceCv    | Offered knowledge of Orb of Destruction by Vehumet.
 25979 | IceCv    | Learned a level 7 spell: Orb of Destruction
 26475 | IceCv    | Reached skill level 10 in Evocations
 27005 | IceCv    | Reached skill level 10 in Fire Magic
 28107 | Orc:2    | Found Sothruug's Distillery.
 28118 | Orc:2    | Noticed Urug
 28125 | Orc:2    | Killed Urug
 28500 | Orc:2    | Found Bommyhecs's Jewellery Emporium.
 28500 | Orc:2    | Found Dopiyzut's Book Shop.
 28500 | Orc:2    | Found Silebbez's Armour Boutique.
 28503 | Orc:2    | Found Heixud's Jewellery Shoppe.
 28516 | Orc:2    | Bought a manual of Conjurations for 960 gold pieces
 28516 | Orc:2    | Bought the Unrestrained Analects for 528 gold pieces
 28524 | Orc:2    | Learned a level 7 spell: Ozocubu's Refrigeration
 28606 | Orc:2    | Found Hel Meji's Antique Armour Boutique.
 28615 | Orc:2    | Bought a pair of masterwork gloves for 342 gold pieces
 28615 | Orc:2    | Identified the +0 pair of gloves of the Meadowlark {rC+}
                  | (You bought it in a shop on level 2 of the Orcish Mines)
 28625 | Orc:2    | Bought a runed robe for 133 gold pieces
 28635 | Orc:2    | Found a staircase to the Elven Halls.
 28740 | Orc:2    | Found Ajiapnotz's Assorted Antiques.
 28762 | Orc:2    | Bought a potion of heal wounds for 60 gold pieces
 29371 | Orc:2    | Bought a short fluorescent wand for 84 gold pieces
 29382 | Orc:2    | Bought a potion of curing for 36 gold pieces
 29382 | Orc:2    | Bought a potion of haste for 120 gold pieces
 29382 | Orc:2    | Bought a potion of curing for 36 gold pieces
 30027 | D:11     | Identified the +0 leather armour of Huapur {*Corrode +Inv
                  | Regen+ Slay+6}
 30177 | D:11     | Found a runed translucent gate.
 30177 | D:11     | Found a runed translucent gate.
 30177 | D:11     | Found a runed translucent gate.
 30178 | D:11     | Noticed generaletaddeo's ghost (journeyman FoAM)
 30195 | D:11     | Killed generaletaddeo's ghost
 30230 | D:11     | Identified the amulet of Otucoh {Regen+ SInv}
 31185 | Swamp:1  | Entered Level 1 of the Swamp
 32352 | Lair:1   | Acquired a +6 ring of intelligence
 32468 | Swamp:1  | Reached XP level 16. HP: 116/118 MP: 28/34
 32620 | Swamp:1  | Offered knowledge of Starburst by Vehumet.
 35574 | Swamp:2  | Learned a level 6 spell: Starburst
 35781 | Swamp:2  | Reached skill level 15 in Spellcasting
 36905 | Swamp:3  | Paralysed by a Zot trap for 3 turns
 36926 | Swamp:4  | Entered Level 4 of the Swamp
 37549 | Swamp:4  | Noticed Roxanne
 37562 | Swamp:4  | Killed Roxanne
 37614 | Swamp:4  | Reached XP level 17. HP: 129/129 MP: 32/36
 38208 | Swamp:4  | Identified the +3 morningstar of Exquisite Torment {freeze,
                  | rF+ rCorr Int+2}
 38648 | Swamp:4  | Offered knowledge of Fireball by Vehumet.
 39097 | Swamp:4  | Got a decaying rune of Zot
 39517 | Orc:2    | Bought a scroll of amnesia for 73 gold pieces
 39524 | Orc:2    | Learned a level 5 spell: Fireball
 39714 | Snake:1  | Entered Level 1 of the Snake Pit
 40084 | Snake:1  | Reached skill level 15 in Ice Magic
 40113 | Snake:1  | Reached skill level 15 in Conjurations
 40373 | Snake:1  | Identified the amulet of Scepticism {Faith Str+3}
 40477 | Snake:1  | Got Deubuhurch's Disquisition on Envenoming
 41549 | Snake:2  | Offered knowledge of Conjure Ball Lightning by Vehumet.
 41560 | Snake:2  | Reached XP level 18. HP: 136/136 MP: 29/38
 42920 | Snake:4  | Entered Level 4 of the Snake Pit
 42920 | Snake:4  | Found Onofoju's Assorted Antiques.
 42920 | Snake:4  | Found Honnesergh's Magic Scroll Shop.
 43891 | Snake:4  | Reached skill level 15 in Fire Magic
 44104 | Snake:4  | Got the Reference Book on Vitriolic Fire
 44903 | Snake:4  | Reached ****** piety under Vehumet
 44903 | Snake:4  | Offered knowledge of Lehudib's Crystal Spear by Vehumet.
 45132 | Snake:4  | Got a serpentine rune of Zot
 45760 | D:13     | Found Duaduniy's Armour Boutique.
 45993 | D:13     | Found a runed translucent door.
 46051 | D:13     | Reached XP level 19. HP: 133/142 MP: 23/41
 46192 | D:13     | Identified the +1 leather armour of Dishonesty {rN++
                  | Will+++ Int-2 Dex-4}
 46439 | D:13     | Found a gate to the Vaults.
 46507 | D:14     | Found Aghatawi's Assorted Antiques.
 46899 | D:14     | Offered knowledge of Shatter by Vehumet.
 46899 | D:14     | Offered knowledge of Polar Vortex by Vehumet.
 46899 | D:14     | Offered knowledge of Maxwell's Capacitive Coupling by
                  | Vehumet.
 47686 | D:15     | Entered Level 15 of the Dungeon
 47798 | D:15     | Noticed Rupert
 47808 | D:15     | Killed Rupert
 48878 | D:15     | Found a staircase to the Depths.
 49214 | Elf:1    | Entered Level 1 of the Elven Halls
 49404 | Elf:1    | Learned a level 9 spell: Polar Vortex
 50767 | Elf:2    | Paralysed by an air elemental for 1 turns
 50771 | Elf:2    | Reached XP level 20. HP: 125/148 MP: 33/43
 51291 | Elf:2    | Found Zawin's Jewellery Shop.
 51291 | Elf:2    | Found Siuhop's Book Emporium.
 51294 | Elf:2    | Found Ikoczat's Jewellery Shop.
 51351 | Elf:2    | Found a runed translucent gate.
 51352 | Elf:2    | Found a runed translucent gate.
 51352 | Elf:2    | Found a runed translucent gate.
 52224 | D:6      | Killed 101zpm's ghost
 52624 | Vaults:1 | Entered Level 1 of the Vaults
 52909 | Vaults:1 | Found Oqeihaun's Book Emporium.
 54008 | Vaults:1 | Identified the +2 pair of gloves of Koytes {Rampage rCorr}
 54008 | Vaults:1 | Noticed Nikola
 54019 | Vaults:1 | Killed Nikola
 55435 | Vaults:2 | Paralysed by a great orb of eyes for 2 turns
 55878 | Vaults:2 | Reached XP level 21. HP: 154/154 MP: 43/45
 55887 | Vaults:2 | Learned a level 8 spell: Ignition
 56557 | Vaults:2 | Found a staircase to the Crypt.
 57214 | Vaults:2 | Noticed Aizul
 57222 | Vaults:2 | Killed Aizul
 57604 | Vaults:3 | Found a magical portal.
 57623 | WizLab   | Entered Zonguldrok's Shrine
 58216 | WizLab   | Noticed an antique lich
 58234 | WizLab   | Killed an antique lich
 58333 | WizLab   | Found the +9 sword of Zonguldrok {reap}
 58752 | Vaults:3 | Found the +3 sling "Punk" {acid, rCorr}
 58823 | Vaults:3 | Reached skill level 1 in Shields
 58894 | Vaults:3 | Found Fongaeme's Antique Weapon Shop.
 59058 | Vaults:3 | Upgraded the game from 0.29-a0-486-ga88943ba61 to
                  | 0.29-a0-492-g10b964d8d7
 59189 | Vaults:3 | Found Ner Vaeki's Weapon Shoppe.
 60193 | Vaults:4 | Noticed Dwachs's ghost (adept MiGl)
 60194 | Vaults:4 | Found a transporter.
 60194 | Vaults:4 | Noticed a dread lich
 61063 | Vaults:4 | Reached XP level 22. HP: 140/161 MP: 37/47
 61414 | Vaults:4 | Cast into level 2 of the Abyss (a wizard)
 61507 | Abyss:3  | Found a corrupted altar of Lugonu.
 61864 | Abyss:3  | Found a corrupted altar of Lugonu.
 61911 | Vaults:4 | Escaped the Abyss
 62105 | Vaults:4 | Found Jynawasch's Antique Weapon Shop.
 62546 | Vaults:4 | Noticed Jory
 62556 | Vaults:4 | Killed Jory
 62600 | Vaults:4 | Reached skill level 5 in Shields
 63107 | Vaults:4 | Found a transporter.
 63790 | Depths:1 | Entered Level 1 of the Depths
 63816 | Depths:1 | HP: 1/161 [disintegration (104)]
 64374 | Depths:1 | Noticed Mara
 64378 | Depths:1 | Noticed Majang's illusion
 64379 | Depths:1 | Killed Mara
 64457 | Depths:1 | Found Veiss's Antique Armour Shop.
 64512 | Depths:1 | Found a hide-covered altar of Uskayaw.
 64550 | Depths:1 | Identified the +4 hand axe of Accidental Termination
                  | {vorpal, rF- rN++ MP-9 Str+8}
 64832 | Depths:1 | Found a gateway to Hell.
 65257 | Hell     | Entered the Vestibule of Hell
 65265 | Hell     | Noticed Geryon
 65834 | Hell     | HP: 7/161 [Geryon (17)]
 66257 | Hell     | Killed Geryon
 66473 | Hell     | Found a gateway to the ashen valley of Gehenna.
 66601 | Hell     | Found a gateway to the Iron City of Dis.
 67050 | Hell     | Found a gateway to the freezing wastes of Cocytus.
 67091 | Hell     | Found a gateway to the decaying netherworld of Tartarus.
 68037 | Depths:2 | Found a runed translucent gate.
 68037 | Depths:2 | Found a runed translucent gate.
 68038 | Depths:2 | Found a runed translucent gate.
 68039 | Depths:2 | Found an ancient bone altar of Kikubaaqudgha.
 68040 | Depths:2 | Noticed an ancient lich
 68040 | Depths:2 | Noticed an ancient lich
 68040 | Depths:2 | Noticed Zucuh's ghost (adept DrGl)
 68157 | Depths:2 | Found a bloodstained altar of Trog.
 68167 | Depths:2 | Reached XP level 23. HP: 169/169 MP: 34/49
 68864 | Snake:4  | Bought a scroll of amnesia for 49 gold pieces
 68864 | Snake:4  | Bought a scroll of teleportation for 42 gold pieces
 68864 | Snake:4  | Bought a scroll of immolation for 49 gold pieces
 68875 | Snake:4  | Learned a level 9 spell: Fire Storm
 69226 | Depths:2 | Killed an ancient lich
 69227 | Depths:2 | Reached skill level 1 in Necromancy
 69227 | Depths:2 | Killed Zucuh's ghost
 69234 | Depths:2 | Killed an ancient lich
 69286 | Depths:2 | Identified the -2 helmet of Popod {rF+ Dex+5 Stlth+}
 69289 | Depths:2 | Identified the ring of Kylit {rC+ EV+4 Str+5 Dex-2}
 69931 | Depths:2 | Noticed Saint Roka
 69941 | Depths:2 | Killed Saint Roka
 70183 | Depths:2 | Noticed the Enchantress
 70187 | Depths:2 | Killed the Enchantress
 70245 | Depths:2 | Noticed Sojobo
 70249 | Depths:2 | Killed Sojobo
 70297 | Depths:2 | Identified the +5 arbalest of Blind Justice {vorpal, rElec
                  | rF- Str+5} (You took it off a vampire knight on level 2 of
                  | the Depths)
 70297 | Depths:2 | Identified the +5 morningstar "Koirred" {flame, rF+ Str+2}
 70416 | Depths:2 | Noticed a juggernaut
 70427 | Depths:2 | Killed a juggernaut
 70832 | Depths:2 | Found a one-way gate leading to the halls of Pandemonium.
 70873 | Depths:2 | Found Feaveij's Antique Armour Emporium.
 70883 | Depths:2 | Bought a spiked buckler for 266 gold pieces
 70883 | Depths:2 | Identified the +1 buckler of Wekej {rF+ Will+} (You bought
                  | it in a shop on level 2 of the Depths)
 71038 | Depths:2 | Found a one-way gate to the infinite horrors of the Abyss.
 71631 | Depths:2 | Learned a level 1 spell: Apportation
 71643 | Depths:2 | Upgraded the game from 0.29-a0-492-g10b964d8d7 to
                  | 0.29-a0-504-gec6baf379c
 72383 | Depths:3 | Found a one-way gateway to a ziggurat.
 72691 | Depths:3 | Identified the +8 short sword of the Moon {flame, rPois
                  | Str+2 Int+2}
 72706 | Depths:3 | Reached skill level 5 in Necromancy
 72706 | Depths:3 | Reached XP level 24. HP: 159/178 MP: 46/50
 73106 | Depths:3 | Identified the +8 hunting sling of Discomfort {flame, rElec
                  | Str-5 SInv}
 73399 | Depths:3 | Identified the +0 leather armour of Heresy {rPois rC-
                  | rCorr}
 73444 | Depths:3 | Upgraded the game from 0.29-a0-504-gec6baf379c to
                  | 0.29-a0-509-g793eeb5391
 73488 | Depths:4 | Entered Level 4 of the Depths
 73495 | Depths:4 | Noticed Xtahua
 73500 | Depths:4 | Killed Xtahua
 74831 | Depths:4 | Found a white marble altar of Elyvilon.
 74968 | Depths:4 | Found a gate to the Realm of Zot.
 75425 | Elf:3    | Entered Level 3 of the Elven Halls
 76062 | Elf:3    | Found Ifixuil's Neck Hole.
 76528 | Elf:3    | Identified the +10 short sword of Dufumuin {vorpal, *Rage
                  | Fly Str+4 Stlth+}
 76547 | Elf:3    | Reached XP level 25. HP: 188/188 MP: 40/50
 76623 | Elf:3    | Identified the ring of Wiwnakh {rF+ rN+ Int-4 Slay+3}
 76633 | Elf:3    | Identified the ring of the Meadowlark {Dex+6 SInv}
 76641 | Elf:3    | Reached skill level 10 in Shields
 76750 | Elf:3    | Identified the +0 plate armour of Seeczew {rF+ SInv}
 76757 | Elf:3    | Got Galy's Guide on Beguiling
 76758 | Elf:3    | Identified the ring of the Invisible Ghosts {*Slow +Blink
                  | Will+ rCorr}
 77488 | Vaults:5 | Entered Level 5 of the Vaults
 78249 | Vaults:5 | Noticed a dread lich
 78253 | Vaults:5 | Killed a dread lich
 78421 | Vaults:5 | Identified the ring of Uxtoef {Wiz rPois rN+++ Will-
                  | Slay-5}
 78790 | Vaults:5 | Noticed a dread lich
 78791 | Vaults:5 | Paralysed by a dread lich for 4 turns
 78795 | Vaults:5 | Killed a dread lich
 78989 | Vaults:5 | Reached skill level 10 in Necromancy
 79374 | Vaults:5 | Identified the +2 ring mail of the Wasteland {Int+6}
 79623 | Vaults:5 | Got a silver rune of Zot
 79886 | Vaults:5 | Got the Collected Works on the Traveller and the Frostbite
 79887 | Vaults:5 | Identified the +0 scale mail of Crawling {Drain rPois
                  | Str+2}
 79892 | Vaults:5 | Identified the +0 pair of boots of Quantum Leap {Contam
                  | Will+++ Dex+3}
 79906 | Vaults:5 | Identified the +0 fire dragon scales "Opuasmoda" {rF++ rC-
                  | MP+9 Int+4}
 79977 | Vaults:5 | Identified the +1 buckler of Mumblety Peg {Dex+6}
 80100 | Vaults:5 | Reached XP level 26. HP: 189/190 MP: 44/51
 81309 | Zot:1    | Entered Level 1 of the Realm of Zot
 81791 | Snake:4  | Bought a scroll of enchant armour for 105 gold pieces
 81791 | Snake:4  | Bought a scroll of enchant armour for 105 gold pieces
 82620 | Zot:1    | Identified the +1 robe of Death's Door {Int+2 Stlth+}
 84048 | Zot:2    | Acquired 326 gold pieces
 85121 | Zot:3    | Found the +3 pair of seven-league boots {Rampage+∞}
 85167 | Zot:3    | Identified the +7 short sword of Income {flame, +Blink
                  | Int-2 SInv}
 85208 | Zot:3    | Reached skill level 15 in Fighting
 85382 | Zot:4    | Noticed a Killer Klown
 85465 | Zot:4    | Killed a Killer Klown
 86668 | Zot:4    | Found Otsat's Changing Room.
 86704 | Zot:4    | Bought a potion of lignification for 45 gold pieces
 86704 | Zot:4    | Bought a potion of mutation for 120 gold pieces
 86704 | Zot:4    | Bought a potion of lignification for 45 gold pieces
 86814 | Zot:4    | Noticed Parghit
 87184 | Zot:4    | Killed Parghit
 87362 | Zot:5    | Entered Level 5 of the Realm of Zot
 87661 | Zot:5    | Noticed a Killer Klown
 87663 | Zot:5    | Killed a Killer Klown
 87764 | Zot:5    | Reached XP level 27. HP: 208/208 MP: 44/52
 88066 | Zot:5    | Noticed an orb of fire
 88071 | Zot:5    | Gained mutation: Your magical capacity is low. (-10% MP)
                  | [an orb of fire]
 88073 | Zot:5    | Killed an orb of fire
 88198 | Zot:5    | Noticed a dread lich
 88201 | Zot:5    | Killed a dread lich
 88280 | Zot:5    | Noticed an orb of fire
 88494 | Zot:5    | Killed an orb of fire
 88916 | Zot:5    | Noticed an ancient lich
 88919 | Zot:5    | Killed an ancient lich
 88931 | Zot:5    | Reached skill level 15 in Shields
 90024 | Elf:2    | Bought a Necronomicon for 952 gold pieces
 90034 | Elf:2    | Learned a level 8 spell: Borgnjor's Revivification
 90726 | Vaults:4 | Killed a dread lich
 90729 | Vaults:4 | Killed Dwachs's ghost
 91362 | Crypt:1  | Entered Level 1 of the Crypt
 91394 | Crypt:1  | Noticed Frederick
 91399 | Crypt:1  | Killed Frederick
 92025 | Crypt:1  | Noticed Mennas
 92030 | Crypt:1  | Killed Mennas
 92474 | Crypt:2  | Found a blossoming altar of Fedhas.
 92621 | Crypt:2  | Identified the +1 scale mail of Conscience {Int+4}
 93593 | Crypt:3  | Entered Level 3 of the Crypt
 93830 | Crypt:3  | Identified the +0 scale mail of Bad Feelings {Rampage rElec
                  | rF- Will++}
 93876 | Crypt:3  | Identified the +0 plate armour of the Gardener {Drain Fly
                  | rPois Str+6}
 94737 | Crypt:3  | Found a staircase to the Tomb.
 95055 | Crypt:3  | Found a basalt altar of Yredelemnul.
 97104 | Slime:1  | Entered Level 1 of the Pits of Slime
 97640 | Slime:3  | Noticed Dissolution
 97645 | Slime:3  | Killed Dissolution
 99285 | Slime:5  | Entered Level 5 of the Pits of Slime
 99440 | Slime:5  | Noticed the Royal Jelly
 99450 | Slime:5  | Killed the Royal Jelly
 99735 | Slime:5  | Identified the ring of Equivalence {rElec rF+ rC+ Will-
                  | Dex+7}
 99825 | Slime:5  | Got a slimy rune of Zot
 99920 | Slime:5  | Upgraded the game from 0.29-a0-509-g793eeb5391 to
                  | 0.29-a0-515-g7c1fb6cc08
100234 | Hell     | Learned a level 9 spell: Death's Door
100235 | Hell     | Acquired the +1 pair of gloves "Qexylur" {rElec Str+3}
100417 | Zig:1    | Entered Level 1 of a ziggurat
100464 | Zig:2    | Entered Level 2 of a ziggurat
100629 | Zig:3    | Entered Level 3 of a ziggurat
100749 | Zig:4    | Entered Level 4 of a ziggurat
100751 | Zig:4    | Noticed Xuherch the pandemonium lord
100754 | Zig:4    | Killed Xuherch the pandemonium lord
101001 | Zig:5    | Entered Level 5 of a ziggurat
101035 | Zig:5    | Identified the +0 plate armour of the Untouchables {rCorr
                  | Int-4 SInv}
101038 | Zig:6    | Entered Level 6 of a ziggurat
101220 | Zig:6    | Lost mutation: Your magical capacity is low. (-10% MP)
                  | [potion of mutation]
101220 | Zig:6    | Gained mutation: You are strong-willed. (Will+) [potion of
                  | mutation]
101231 | Zig:7    | Entered Level 7 of a ziggurat
101267 | Zig:7    | Identified the +8 arbalest of the Hierophant {freeze, rElec
                  | rF++ Int-2}
101269 | Zig:7    | Reached skill level 15 in Necromancy
101271 | Zig:8    | Entered Level 8 of a ziggurat
101280 | Zig:8    | Reached skill level 27 in Spellcasting
101355 | Zig:8    | Identified the +7 flail of Goemneoq {freeze, Str+2 Dex+3}
101359 | Zig:8    | Identified the +1 robe of Broken Taboos {Harm rElec Int-3
                  | Dex+6}
101368 | Zig:9    | Entered Level 9 of a ziggurat
101430 | Zig:10   | Entered Level 10 of a ziggurat
101534 | Zig:11   | Entered Level 11 of a ziggurat
101542 | Zig:11   | Noticed a dread lich
101542 | Zig:11   | Noticed an ancient lich
101545 | Zig:11   | Killed a dread lich
101546 | Zig:11   | Killed an ancient lich
101660 | Zig:11   | Identified the +3 leather armour of the Gastropod {rF+
                  | Str+4}
101687 | Zig:12   | Entered Level 12 of a ziggurat
101895 | Zig:12   | Identified the +9 shortbow of Woe {speed, rPois rC+ Str-5
                  | SInv}
101915 | Zig:12   | Identified the +2 hunting sling "Qoptai" {venom, rC++
                  | Int-3}
101930 | Zig:12   | Identified the ring "Neuleyst" {Wiz rC+ Dex+3}
101934 | Zig:13   | Entered Level 13 of a ziggurat
101982 | Zig:13   | Identified the +6 hand axe of Circular Logic {vorpal, rN+}
102125 | Zig:14   | Entered Level 14 of a ziggurat
102435 | Zig:14   | Got Hueluw's Almanac of Dusty Unholy Secrets
102442 | Zig:15   | Entered Level 15 of a ziggurat
102448 | Zig:15   | Noticed an orb of fire
102448 | Zig:15   | Noticed an orb of fire
102449 | Zig:15   | Noticed an orb of fire
102452 | Zig:15   | Noticed an orb of fire
102452 | Zig:15   | Gained mutation: Your body sometimes deteriorates upon
                  | taking damage. [an orb of fire]
102453 | Zig:15   | Gained mutation: Your body often deteriorates upon taking
                  | damage. [an orb of fire]
102455 | Zig:15   | Gained mutation: Your magical capacity is low. (-10% MP)
                  | [an orb of fire]
102456 | Zig:15   | Killed an orb of fire
102456 | Zig:15   | Killed an orb of fire
102459 | Zig:15   | Gained mutation: You are frail. (-10% HP) [an orb of fire]
102461 | Zig:15   | Gained mutation: You sometimes lose the ability to read
                  | scrolls when taking damage. [an orb of fire]
102463 | Zig:15   | Killed an orb of fire
102465 | Zig:15   | Killed an orb of fire
102466 | Zig:15   | Lost mutation: You sometimes lose the ability to read
                  | scrolls when taking damage. [potion of mutation]
102466 | Zig:15   | Lost mutation: You are strong-willed. (Will+) [potion of
                  | mutation]
102466 | Zig:15   | Lost mutation: You are frail. (-10% HP) [potion of
                  | mutation]
102466 | Zig:15   | Gained mutation: You are clumsy. (Dex -2) [potion of
                  | mutation]
102466 | Zig:15   | Gained mutation: You have large cloven feet. [potion of
                  | mutation]
102467 | Zig:15   | Lost mutation: Your magical capacity is low. (-10% MP)
                  | [potion of mutation]
102467 | Zig:15   | Lost mutation: Your body often deteriorates upon taking
                  | damage. [potion of mutation]
102467 | Zig:15   | Lost mutation: You have large cloven feet. [potion of
                  | mutation]
102467 | Zig:15   | Gained mutation: You tend to lose your temper in combat.
                  | [potion of mutation]
102467 | Zig:15   | Gained mutation: You passively map a small area around you.
                  | [potion of mutation]
102467 | Zig:15   | Gained mutation: You expend magic power (3 MP) to
                  | strengthen your wands. [potion of mutation]
102468 | Zig:15   | Lost mutation: You expend magic power (3 MP) to strengthen
                  | your wands. [potion of mutation]
102468 | Zig:15   | Lost mutation: You are clumsy. (Dex -2) [potion of
                  | mutation]
102468 | Zig:15   | Lost mutation: You tend to lose your temper in combat.
                  | [potion of mutation]
102468 | Zig:15   | Gained mutation: You occasionally shout uncontrollably at
                  | your foes. [potion of mutation]
102769 | Zig:15   | Identified the +5 great sword "Huricene" {flame, Will+ MP+9
                  | Str+2}
102781 | Zig:16   | Entered Level 16 of a ziggurat
102844 | Zig:16   | Identified the +10 chain mail "Reosof" {rF+ Will+ rCorr}
102851 | Zig:16   | Identified the +4 quarterstaff "Cetaefeu" {venom, rPois
                  | Dex+2}
102864 | Zig:16   | Identified the amulet of Amioqiomo {RegenMP rC- Will+
                  | Int+5}
102921 | Zig:17   | Entered Level 17 of a ziggurat
102986 | Zig:17   | Identified the +6 trident of Uskayaw's Envy {venom, rC++}
102989 | Zig:17   | Identified the ring "Goongask" {rPois rC+ Int-2 Dex+3}
102993 | Zig:17   | Identified the ring of Keq Rier {Fly Str+2}
103003 | Zig:18   | Entered Level 18 of a ziggurat
103096 | Zig:18   | Identified the +4 war axe of the Spider Nest {vorpal, Will+
                  | Dex+3 SInv Stlth-}
103097 | Zig:18   | Identified the +9 glaive "Giant's Bane" {vorpal, Int+3
                  | Stlth+}
103124 | Zig:19   | Entered Level 19 of a ziggurat
103128 | Zig:19   | Noticed Akasiqyph the pandemonium lord
103133 | Zig:19   | Killed Akasiqyph the pandemonium lord
103133 | Zig:19   | Noticed Riam the pandemonium lord
103134 | Zig:19   | Noticed Liahun the pandemonium lord
103135 | Zig:19   | Killed Riam the pandemonium lord
103136 | Zig:19   | Noticed Ivaunyepta the pandemonium lord
103136 | Zig:19   | Killed Liahun the pandemonium lord
103137 | Zig:19   | Noticed Giupih the pandemonium lord
103138 | Zig:19   | Noticed Quhuoxof the pandemonium lord
103138 | Zig:19   | Noticed Bayfad the pandemonium lord
103141 | Zig:19   | Killed Giupih the pandemonium lord
103143 | Zig:19   | Killed Ivaunyepta the pandemonium lord
103144 | Zig:19   | Noticed Otuetor the pandemonium lord
103144 | Zig:19   | Killed Bayfad the pandemonium lord
103144 | Zig:19   | Noticed Bueceamo the pandemonium lord
103147 | Zig:19   | Killed Bueceamo the pandemonium lord
103148 | Zig:19   | Killed Otuetor the pandemonium lord
103149 | Zig:19   | Noticed Acryopra the pandemonium lord
103156 | Zig:19   | Killed Quhuoxof the pandemonium lord
103157 | Zig:19   | Killed Acryopra the pandemonium lord
103193 | Zig:19   | Found the ring of the Hare {EV+8}
103195 | Zig:19   | Found the necklace of Bloodlust {*Rage Will++ Int-3 Slay+6}
103204 | Zig:19   | Identified the ring of Wicvummoul {rF+ rC++ rN+}
103216 | Zig:19   | Identified the +0 ring mail of Tenacity {rN+}
103222 | Zig:19   | Identified the amulet "Wuscha" {Spirit Contam rElec Str+2}
103233 | Zig:20   | Entered Level 20 of a ziggurat
103240 | Zig:20   | Noticed Wuukk the pandemonium lord
103240 | Zig:20   | Noticed Faadd the pandemonium lord
103247 | Zig:20   | Killed Faadd the pandemonium lord
103258 | Zig:20   | Killed Wuukk the pandemonium lord
103265 | Zig:20   | Noticed Fumetiaw the pandemonium lord
103270 | Zig:20   | Noticed Qiumircha the pandemonium lord
103272 | Zig:20   | Killed Fumetiaw the pandemonium lord
103275 | Zig:20   | Noticed Qipoepso the pandemonium lord
103278 | Zig:20   | Killed Isestriwo the pandemonium lord
103279 | Zig:20   | Killed Qiumircha the pandemonium lord
103281 | Zig:20   | Killed Qipoepso the pandemonium lord
103282 | Zig:20   | Noticed Tesch the pandemonium lord
103288 | Zig:20   | Killed Tesch the pandemonium lord
103289 | Zig:20   | Noticed Vikone the pandemonium lord
103296 | Zig:20   | Killed Vikone the pandemonium lord
103411 | Zig:20   | Got the Collected Works on Unholy Blows and Bruises
103436 | Zig:20   | Identified the ring "Weehob" {Fire rN+ Dex+3 SInv}
103441 | Zig:21   | Entered Level 21 of a ziggurat
103467 | Zig:21   | Found the +10 tower shield of Ignorance {rN+ Int-4}
103491 | Zig:21   | Identified the +1 great sword of Discord {vorpal, rF+ rN+}
103497 | Zig:21   | Identified the +8 arbalest "Qump" {vorpal, rF+}
103499 | Zig:21   | Identified the +3 mace of Due Proportion {antimagic, rElec
                  | SInv}
103503 | Zig:21   | Lost mutation: You passively map a small area around you.
                  | [potion of mutation]
103503 | Zig:21   | Lost mutation: Your body sometimes deteriorates upon taking
                  | damage. [potion of mutation]
103503 | Zig:21   | Lost mutation: You occasionally shout uncontrollably at
                  | your foes. [potion of mutation]
103503 | Zig:21   | Gained mutation: You have hidden genetic defects. [potion
                  | of mutation]
103503 | Zig:21   | Gained mutation: Your body sometimes deteriorates upon
                  | taking damage. [potion of mutation]
103503 | Zig:21   | Gained mutation: You are partially covered in iridescent
                  | scales. (AC +2) [potion of mutation]
103504 | Zig:21   | Lost mutation: You have hidden genetic defects. [potion of
                  | mutation]
103504 | Zig:21   | Lost mutation: You are partially covered in iridescent
                  | scales. (AC +2) [potion of mutation]
103504 | Zig:21   | Lost mutation: Your body sometimes deteriorates upon taking
                  | damage. [potion of mutation]
103504 | Zig:21   | Gained mutation: You tend to lose your temper in combat.
                  | [potion of mutation]
103504 | Zig:21   | Gained mutation: Your skin changes colour to match your
                  | surroundings (Stealth+). [potion of mutation]
103505 | Zig:21   | Lost mutation: You tend to lose your temper in combat.
                  | [potion of mutation]
103505 | Zig:21   | Lost mutation: Your skin changes colour to match your
                  | surroundings (Stealth+). [potion of mutation]
103505 | Zig:21   | Gained mutation: You have a pair of small horns on your
                  | head. [potion of mutation]
103505 | Zig:21   | Gained mutation: You have sharp toenails. [potion of
                  | mutation]
103505 | Zig:21   | Gained mutation: You have sharp fingernails. [potion of
                  | mutation]
103505 | Zig:21   | Gained mutation: You possess an exceptional clarity of
                  | mind. [potion of mutation]
103514 | Zig:22   | Entered Level 22 of a ziggurat
103557 | Zig:22   | Identified the +1 robe "Hotsoar" {Drain Will+ Dex+5 Stlth+}
103560 | Zig:22   | Identified the +3 ring mail "Tufuot" {rC++ Will+ Str-3
                  | Dex+2}
103570 | Zig:22   | Identified the ring "Viced" {rF+ AC+4 Str+6 Int+5}
103573 | Zig:22   | Identified the +0 hunting sling of Otecky {freeze, Fragile
                  | rN+ Dex+4}
103575 | Zig:22   | Identified the +2 robe of Katoi {*Corrode Will++}
103585 | Zig:22   | Identified the ring "Ohelohed" {Ice Stlth+}
103598 | Zig:23   | Entered Level 23 of a ziggurat
103617 | Zig:23   | Noticed Tuucad the pandemonium lord
103619 | Zig:23   | Killed Tuucad the pandemonium lord
103983 | Zig:23   | Identified the +0 buckler "Desierue" {rElec}
103996 | Zig:24   | Entered Level 24 of a ziggurat
104003 | Zig:24   | Noticed a juggernaut
104003 | Zig:24   | Noticed a juggernaut
104005 | Zig:24   | Noticed a juggernaut
104006 | Zig:24   | Killed a juggernaut
104007 | Zig:24   | Killed a juggernaut
104008 | Zig:24   | Killed a juggernaut
104009 | Zig:24   | Noticed a juggernaut
104009 | Zig:24   | Noticed a juggernaut
104009 | Zig:24   | Noticed a juggernaut
104010 | Zig:24   | Killed a juggernaut
104010 | Zig:24   | Killed a juggernaut
104010 | Zig:24   | Noticed a juggernaut
104011 | Zig:24   | Noticed a juggernaut
104012 | Zig:24   | Noticed a juggernaut
104012 | Zig:24   | Noticed a juggernaut
104012 | Zig:24   | Killed a juggernaut
104013 | Zig:24   | Killed a juggernaut
104014 | Zig:24   | Killed a juggernaut
104014 | Zig:24   | Killed a juggernaut
104014 | Zig:24   | Killed a juggernaut
104014 | Zig:24   | Noticed a juggernaut
104015 | Zig:24   | Killed a juggernaut
104119 | Zig:24   | Identified the +4 ring mail of the Kettle-Drum {Str+4
                  | Dex+8}
104128 | Zig:25   | Entered Level 25 of a ziggurat
104493 | Zig:25   | Identified the +2 leather armour of Jeamae Lumy {Int+4}
104505 | Zig:25   | Identified the +6 rapier "String" {drain, rPois rCorr}
104511 | Zig:26   | Entered Level 26 of a ziggurat
104539 | Zig:26   | Noticed an ancient lich
104541 | Zig:26   | Killed an ancient lich
104563 | Zig:26   | Noticed a dread lich
104565 | Zig:26   | Killed a dread lich
104566 | Zig:26   | Reached skill level 15 in Dodging
104566 | Zig:26   | Noticed an ancient lich
104567 | Zig:26   | Killed an ancient lich
104605 | Zig:26   | Identified the amulet "Ibisumis" {Reflect Rampage SH+5}
104607 | Zig:26   | Identified the ring of Mistrust {Fly EV+4 Int+7}
104617 | Zig:26   | Identified the +10 morningstar of Cietwemu {vorpal, rC-
                  | Int+5}
104620 | Zig:26   | Identified the +9 dagger of Nilasso {protect, rC- Will+
                  | rCorr Str+5 Int-5}
104764 | Zig:27   | Entered Level 27 of a ziggurat
104780 | Zig:27   | Reached skill level 27 in Ice Magic
104819 | Zig:27   | Found the ring of the Mage {Wiz Archmagi}
104826 | Zig:27   | Identified the ring "Offusa" {rPois rF+ Str+2 SInv}
104846 | Zig:27   | Got the Catalogue of Attacks and the Escort
104847 | Zig:27   | Identified the +11 dagger of the Sage {drain, rCorr Dex+4}
104848 | Zig:27   | Identified the +4 shortbow of Zinniva {freeze, Int+4 Dex-4
                  | Stlth+}
104865 | Zig:27   | Identified the +1 long sword of Perfectionism {vorpal,
                  | *Slow rF+ Int+2 Dex+2}
104908 | Hell     | Upgraded the game from 0.29-a0-515-g7c1fb6cc08 to
                  | 0.29-a0-541-gaf1fc19f1b
104908 | Hell     | Lost mutation: You have sharp fingernails. [potion of
                  | mutation]
104908 | Hell     | Lost mutation: You possess an exceptional clarity of mind.
                  | [potion of mutation]
104908 | Hell     | Lost mutation: You have sharp toenails. [potion of
                  | mutation]
104908 | Hell     | Gained mutation: Your mind is acute. (Int +2) [potion of
                  | mutation]
104908 | Hell     | Gained mutation: You expend magic power (3 MP) to
                  | strengthen your wands. [potion of mutation]
104908 | Hell     | Lost mutation: You expend magic power (3 MP) to strengthen
                  | your wands. [potion of mutation]
104909 | Hell     | Lost mutation: You have a pair of small horns on your head.
                  | [potion of mutation]
104909 | Hell     | Lost mutation: Your mind is acute. (Int +2) [potion of
                  | mutation]
104909 | Hell     | Gained mutation: You are somewhat resistant to further
                  | mutation. [potion of mutation]
104909 | Hell     | Gained mutation: You are somewhat resistant to both further
                  | mutation and mutation removal. [potion of mutation]
104966 | Hell     | Acquired a manual of Shields
104968 | Hell     | Acquired the amulet "Qewni" {Regen+ Int+6 Dex-3 Slay+4}
104972 | Hell     | Acquired the ring "Piutuuz" {rC+ Int+6}
107146 | Tomb:1   | Entered Level 1 of the Tomb of the Ancients
108308 | Tomb:2   | Noticed a royal mummy
108309 | Tomb:2   | Noticed a royal mummy
108309 | Tomb:2   | Noticed a royal mummy
108310 | Tomb:2   | Noticed a royal mummy
108310 | Tomb:2   | Noticed a royal mummy
108316 | Tomb:2   | Killed a royal mummy
108316 | Tomb:2   | Killed a royal mummy
108316 | Tomb:2   | Killed a royal mummy
108316 | Tomb:2   | Killed a royal mummy
108316 | Tomb:2   | Killed a royal mummy
108884 | Tomb:1   | Noticed a royal mummy
108884 | Tomb:1   | Noticed a royal mummy
108884 | Tomb:1   | Noticed a royal mummy
108884 | Tomb:1   | Noticed a royal mummy
108884 | Tomb:1   | Noticed a royal mummy
108884 | Tomb:1   | Noticed a royal mummy
108886 | Tomb:1   | Noticed a royal mummy
108887 | Tomb:1   | Killed a royal mummy
108888 | Tomb:1   | Killed a royal mummy
108888 | Tomb:1   | Killed a royal mummy
108888 | Tomb:1   | Gained mutation: You are clumsy. (Dex -2) [mutagenic glow]
108889 | Tomb:1   | Killed a royal mummy
108890 | Tomb:1   | Killed a royal mummy
108893 | Tomb:1   | Killed a royal mummy
108895 | Tomb:1   | Killed a royal mummy
108898 | Tomb:1   | Noticed a royal mummy
108900 | Tomb:1   | Gained mutation: You do not regenerate when monsters are
                  | visible. [mutagenic glow]
108905 | Tomb:1   | Noticed a royal mummy
108906 | Tomb:1   | Killed a royal mummy
108906 | Tomb:1   | Noticed a royal mummy
108910 | Tomb:1   | Killed a royal mummy
108911 | Tomb:1   | Killed a royal mummy
108920 | Tomb:1   | Noticed a royal mummy
108921 | Tomb:1   | Gained mutation: You sometimes lose the ability to read
                  | scrolls when taking damage. [mutagenic glow]
108923 | Tomb:1   | Killed a royal mummy
109038 | Tomb:1   | Lost mutation: You sometimes lose the ability to read
                  | scrolls when taking damage. [potion of mutation]
109039 | Tomb:1   | Lost mutation: You are somewhat resistant to both further
                  | mutation and mutation removal. [potion of mutation]
109040 | Tomb:1   | Lost mutation: You do not regenerate when monsters are
                  | visible. [potion of mutation]
109040 | Tomb:1   | Lost mutation: You are somewhat resistant to further
                  | mutation. [potion of mutation]
109040 | Tomb:1   | Lost mutation: You are clumsy. (Dex -2) [potion of
                  | mutation]
109040 | Tomb:1   | Gained mutation: Your skin changes colour to match your
                  | surroundings (Stealth+). [potion of mutation]
109077 | Tomb:1   | Noticed a royal mummy
109080 | Tomb:1   | Killed a royal mummy
109151 | Tomb:1   | Noticed a royal mummy
109153 | Tomb:1   | Killed a royal mummy
109256 | Tomb:1   | Noticed a royal mummy
109273 | Tomb:1   | Killed a royal mummy
109277 | Tomb:1   | Noticed a royal mummy
109280 | Tomb:1   | Noticed a royal mummy
109281 | Tomb:1   | Killed a royal mummy
109282 | Tomb:1   | Killed a royal mummy
109282 | Tomb:1   | Noticed a royal mummy
109286 | Tomb:1   | Killed a royal mummy
109412 | Tomb:1   | Noticed a royal mummy
109414 | Tomb:1   | Killed a royal mummy
109461 | Tomb:1   | Noticed a royal mummy
109464 | Tomb:1   | Killed a royal mummy
109510 | Tomb:1   | Noticed a royal mummy
109513 | Tomb:1   | Killed a royal mummy
109610 | Tomb:1   | Noticed a royal mummy
109614 | Tomb:1   | Killed a royal mummy
110017 | Tomb:3   | Entered Level 3 of the Tomb of the Ancients
110228 | Tomb:3   | Found the +2 cloak of the Thief {*Fog Slay-2 SInv Stlth+}
110228 | Tomb:3   | Noticed a royal mummy
110235 | Tomb:3   | Noticed a royal mummy
110238 | Tomb:3   | Killed a royal mummy
110240 | Tomb:3   | Killed a royal mummy
110246 | Tomb:3   | Noticed a royal mummy
110249 | Tomb:3   | Noticed a royal mummy
110253 | Tomb:3   | Killed a royal mummy
110253 | Tomb:3   | Killed a royal mummy
110259 | Tomb:3   | Noticed a royal mummy
110262 | Tomb:3   | Killed a royal mummy
110450 | Tomb:3   | Noticed a royal mummy
110460 | Tomb:3   | Killed a royal mummy
110479 | Tomb:3   | Noticed Khufu
110597 | Tomb:3   | Noticed a royal mummy
110602 | Tomb:3   | Killed a royal mummy
110611 | Tomb:3   | Killed Khufu
110686 | Tomb:3   | Identified the +5 morningstar of Deystuem {vorpal, rPois
                  | rC+ Str+2 Int+4}
110892 | Tomb:3   | Noticed a royal mummy
110897 | Tomb:3   | Killed a royal mummy
110974 | Tomb:3   | Got a golden rune of Zot
111179 | Tomb:3   | Identified the +6 longbow of Eternal War {freeze, Contam
                  | Will+ rCorr Str+5 Int+3}
111180 | Tomb:3   | Identified the amulet "Apuifrum" {Acrobat rElec rCorr
                  | Dex+4}
111200 | Tomb:3   | Identified the +1 arbalest of Propriety {elec, Dex+2}
112055 | Zot:5    | Got the Orb of Zot
112085 | Zot:5    | Noticed Laloisch the pandemonium lord
112097 | Zot:4    | Noticed Kulix the pandemonium lord
112100 | Zot:4    | Killed Kulix the pandemonium lord
112283 | Depths:3 | Gained mutation: You expend magic power (3 MP) to
                  | strengthen your wands. [a neqoxec]
112351 | Depths:1 | Noticed Totez the pandemonium lord
112451 | D:11     | Noticed Yleb the pandemonium lord
112452 | D:11     | Reached skill level 27 in Conjurations
112455 | D:11     | Killed Yleb the pandemonium lord
112536 | D:9      | Noticed Toack the pandemonium lord
112568 | D:6      | Noticed Jeipeig the pandemonium lord
112754 | D:$      | Escaped with the Orb!

Illustrated notes

Levels and vault maps discovered:
D:1:      psy_arrival_statuary, layout_basic, chequers_hall_statues_y
D:2:      layout_loops_corners, ebering_ecumenical_altar_ruins,
          grunt_ministairs_15
D:3:      layout_basic, minmay_snake_closets
D:4:      layout_basic, nicolae_ashenzari_panopticon, serial_shops, shop,
          grunt_ministairs_15
D:5:      kennysheep_windowed_halls, layout_loops_ring,
          minmay_temple_entry_overgrown, st_stairs_14, minmay_circle_x,
          uniq_grinder
D:6:      cheibrodos_fzero, layout_basic, nicolae_qazlal_scattered_showers,
          marbit_many_paths, ebering_ghost_xom, uniq_duvessa
D:7:      layout_layer_cave, nicolae_wu_jian_wuxing_cycle,
          ebering_ghost_reflecting_pool, kennysheep_diamond
D:8:      layout_layer_cave, ebering_ghost_reflecting_pool
D:9:      layout_roguey, nicolae_overflow_hidden_temple, erik_orc_1,
          minivault_20
D:10:     layout_irregular_city, okawaru_altar_gauntlet_db, david_lair_generic,
          enter_bailey_2
D:11:     layout_stronghold, gammafunk_ghost_necromancy
D:12:     layout_roguey
D:13:     nicolae_BIG_FREAKIN_CUBE, layout_cave_pools,
          grunt_vaults_entry_tiered, serial_shops, nicolae_shop_hallway_plus,
          minmay_hidden_floor
D:14:     layout_loops_corners, serial_shops, shop, serial_bayou_pond_c,
          serial_bayou_pond_d
D:15:     gammafunk_enter_depths_forms, layout_stronghold, uniq_rupert
Temple:   lightli_temple_of_artemis
Lair:1:   gammafunk_boulding_lane, layout_gridlike, gauntlet_entry_generic,
          serial_bayou_pond_e, uniq_sonja
Lair:2:   layout_regular_city, chequers_serial_rivers_marsh, disabler_island,
          grunt_megastairs_5
Lair:3:   nzn_winding_woodlands_medium [nzn_winding_woodlands_5x5_checkerboard,
          nzn_winding_woodlands_5x15_lazy_stream,
          nzn_winding_woodlands_5x5_closed_star,
          nzn_winding_woodlands_5x5_perimeter,
          nzn_winding_woodlands_center_lodge, nzn_winding_woodlands_5x5_default,
          nzn_winding_woodlands_hourglass,
          nzn_winding_woodlands_5x15_pathside_ponds,
          nzn_winding_woodlands_5x5_open_star], layout_chaotic_city,
          skrybe_swamp_entry_bodies, infiniplex_staircase_pool_2
Lair:4:   layout_cave_pods, guppyfry_snake_entry_island,
          kennysheep_snail_temple, serial_bayou_shore_a, uniq_nessos
Lair:5:   layout_misc_corridors, dpeg_slime_entry_enclosed_altar,
          gammafunk_ghost_hive
Lair:6:   evilmike_catoblepas_cave, layout_big_grid, serial_bayou_shore_b
Swamp:1:  nicolae_swamp_flooded_prison, layout_basic_swamp,
          nicolae_swamp_well_well_well
Swamp:2:  layout_falls_marsh, serial_swamp_ruin, evilmike_swamp_ruin_wall,
          evilmike_swamp_ruin_house_5
Swamp:3:  layout_basic_swamp, evilmike_swamp_ruin_rubble_1
Swamp:4:  swamp_basic_johnstein, layout_basic_swamp, swamp_pool2, uniq_roxanne
Snake:1:  minmay_snake_river, layout_grid_shapes, minmay_snake_pond
Snake:2:  layout_onion, grunt_megastairs_3
Snake:3:  layout_rooms
Snake:4:  grunt_snake_rune_serpentine_throne, layout_misc_corridors,
          minmay_shop_star
Slime:1:  layout_caves
Slime:2:  cheibrodos_slime_lost_civilization_3, layout_caves
Slime:3:  layout_caves, dissolution_awaits
Slime:4:  layout_caves, nicolae_slime_welcoming_committee
Slime:5
Orc:1:    layout_caves, basic_altar, uniq_josephine
Orc:2:    st_orc_rangers, layout_caves, serial_shops,
          nicolae_shop_overgrown_old_shop, nicolae_square_shop,
          nicolae_shop_waterfront, portal_ice_cave_rime, uniq_urug
Elf:1:    minmay_elf_arrival_circle, layout_onion_city, minmay_elf_demonology
Elf:2:    nicolae_elf_blades_crystal_corner, layout_gridlike, minmay_shop_grove
Elf:3:    minmay_elf_hall_curves, layout_geoelf_octagon,
          nicolae_shop_sticking_my_neck_out
Vaults:1: vaults_room_ringed_pool, v_rooms_3, nicolae_vaults_theta,
          nicolae_vaults_yaktaur_gun_rack, ontoclasm_vaults_decontamination,
          grunt_vaults_diagonal, vaults_room_hallway, ontoclasm_vaults_chip,
          ontoclasm_vaults_idyll, nicolae_vaults_asterisk,
          nicolae_vaults_shelves_hall, layout_vaults_omnigrid, serial_shops,
          shop, uniq_nikola
Vaults:2: ontoclasm_vaults_twist, v_misc_32, grunt_vaults_hallway_long,
          v_misc_16, nicolae_vaults_little_squares_4,
          minmay_crypt_entry_simple_plaza, nicolae_vaults_mini_display_case,
          v_misc_8, ontoclasm_vaults_spin, hangedman_vaults_maws, v_misc_2,
          vaults_room_pools, hangedman_vaults_capsules, vaults_dpeg_ring,
          layout_vaults_chaotic_city, uniq_aizul
Vaults:3: infiniplex_enter_wizlab_glasses, st_hourglassy, hangedman_vaults_trim,
          vaults_room_stairs_pillars, nicolae_vaults_little_ls,
          vaults_mumra_lcd, nicolae_vaults_network_barrier,
          nicolae_vaults_big_ls, layout_vaults_maze_snakey, serial_shops,
          nicolae_shop_bloodbath_and_beyond, shop
Vaults:4: gammafunk_ghost_mausoleum, hangedman_vaults_trim, v_rooms_1,
          v_rooms_2, v_misc_10, vaults_standard_mumra_enter_the_diamond,
          v_pattern_2, vaults_dpeg_hooks, hangedman_vaults_stretched_pinwheel,
          layout_vaults_ring, serial_shops, shop, uniq_jory
Vaults:5: serial_shops
Crypt:1:  layout_misc_corridors, minmay_misc_feat_ornament, uniq_mennas,
          uniq_josephina, uniq_frederick
Crypt:2:  cheibrodos_crypt_draghalla, layout_chaotic_city,
          nicolae_crypt_fedhas_prevails, minmay_misc_feat_hallway,
          due_unseen_surprise
Crypt:3:  evilmike_haunted_forest
Tomb:1
Tomb:2
Tomb:3
Depths:1: layout_basic, minmay_crystal_room, pf_coc_iceberg, serial_shops,
          nicolae_shop_overgrown_old_shop, nicolae_uskayaw_suspiria,
          firewood_loft, infiniplex_staircase_pool_lava, uniq_mara
Depths:2: minmay_the_grid_triangle_9x9_recursive_3
          [minmay_the_grid_triangle_9x9_sprig,
          minmay_the_grid_triangle_9x9_steps,
          minmay_the_grid_triangle_9x9_wacky_v,
          minmay_the_grid_triangle_9x9_prize_insulated,
          minmay_the_grid_triangle_9x9_stretched_checkered,
          minmay_the_grid_triangle_9x9_limited_checkers,
          minmay_the_grid_triangle_9x9_impossible_snake,
          minmay_the_grid_triangle_9x9_cache,
          minmay_the_grid_triangle_9x9_minimal], layout_small_grid,
          rand_demon_pan_entry_3, serial_shops, shop,
          hellmonk_bongcloud_opening, hangedman_abyss_entry_splay, hell_entry,
          gammafunk_ghost_crypt, evilmike_spriggan_trog_shrine,
          uniq_enchantress, uniq_sojobo, uniq_saint_roka
Depths:3: grunt_runaround [grunt_runaround_doors_1, grunt_runaround_doors_2,
          grunt_runaround_doors_3, grunt_runaround_doors_4,
          grunt_runaround_loot], hell_entry, abyss_entry, pan_entry
Depths:4: grunt_zot_entry_gee_three, layout_cave_shapes, elyvilon_altar_4,
          pan_entry, hell_entry, lemuel_old_faithful, uniq_xtahua
Hell
Zot:1:    layout_gridlike
Zot:2:    layout_onion
Zot:3:    layout_misc_corridors
Zot:4:    layout_misc_corridors, nicolae_transmutations_shop, uniq_parghit
Zot:5:    layout_cathedral_of_symmetry

Skill      XL: |  1  2  3  4  5  6  7  8  9 10 11 12 13 14 15 16 17 18 19 20 21 22 23 24 25 26 27 |
---------------+----------------------------------------------------------------------------------+-----
Ice Magic      | 5 6 7 8 9 10 11 12 14 15 16 17 18 19 20 21 22 27 | 27.0
Spellcasting   | 3 4 5 6 7 8 9 10 11 12 14 15 16 18 19 20 21 22 23 24 25 27 | 27.0
Fighting       | 1 2 3 4 5 6 7 8 9 10 11 12 13 14 15 23 | 23.6
Staves         | 1 2 3 4 5 6 7 8 9 10 11 12 | 12.0
Conjurations   | 1 2 3 4 5 6 7 8 9 11 13 15 17 18 19 20 21 22 27 | 27.0
Evocations     | 1 2 3 4 5 6 7 8 9 10 14 | 14.8
Dodging        | 3 4 5 6 7 8 9 10 11 12 18 | 18.9
Fire Magic     | 1 2 3 4 5 6 7 8 9 10 13 14 15 16 17 18 19 20 21 26 | 26.2
Shields        | 4 6 9 12 14 20 | 20.4
Necromancy     | 5 7 10 11 24 | 24.9
Stealth        | |  1.7

Action                   |  1- 3 |  4- 6 |  7- 9 | 10-12 | 13-15 | 16-18 | 19-21 | 22-24 | 25-27 || total
-------------------------+-------+-------+-------+-------+-------+-------+-------+-------+-------++-------
Melee: Club              |     7 |       |       |       |       |       |       |       |       ||     7
       Flail             |       |    17 |    82 |    45 |     2 |       |       |       |       ||   146
       Punch             |       |     1 |     1 |     1 |     2 |       |       |       |       ||     5
       Lajatang          |       |       |       |    32 |   145 |    14 |    10 |       |       ||   201
       Staff             |       |       |       |       |    23 |    28 |    33 |   162 |   188 ||   434
       Headbutt          |       |       |       |       |       |       |       |       |     1 ||     1
Throw: Throwing net      |       |       |     1 |       |       |       |       |       |       ||     1
 Cast: Freeze            |    52 |    59 |    33 |    22 |       |       |       |       |       ||   166
       Frozen Ramparts   |     5 |    27 |    37 |    64 |    74 |     3 |    23 |    26 |     2 ||   261
       Ozocubu's Armour  |     1 |     1 |    21 |    38 |    70 |    13 |    14 |    26 |     3 ||   187
       Hailstorm         |       |       |     3 |   120 |   163 |   134 |    76 |    84 |    49 ||   629
       Flame Wave        |       |       |       |    35 |    50 |    25 |     9 |     1 |       ||   120
       Sticky Flame      |       |       |       |    39 |    73 |    34 |    33 |    39 |    12 ||   230
       Foxfire           |       |       |       |       |   235 |   121 |       |       |       ||   356
       Ozocubu's Refrige |       |       |       |       |     7 |    78 |    51 |    12 |    21 ||   169
       Orb of Destructio |       |       |       |       |       |   112 |    86 |    63 |    55 ||   316
       Starburst         |       |       |       |       |       |    23 |    43 |    22 |    58 ||   146
       Iskenderun's Batt |       |       |       |       |       |     2 |       |       |       ||     2
       Fireball          |       |       |       |       |       |   129 |   272 |   106 |    91 ||   598
       Ignition          |       |       |       |       |       |       |    18 |    27 |    72 ||   117
       Polar Vortex      |       |       |       |       |       |       |     3 |    29 |    46 ||    78
       Fire Storm        |       |       |       |       |       |       |       |   118 |   784 ||   902
       Apportation       |       |       |       |       |       |       |       |       |     2 ||     2
       Death's Door      |       |       |       |       |       |       |       |       |     1 ||     1
 Abil: Hop               |       |       |       |     2 |     3 |     8 |     4 |     6 |    10 ||    33
Evoke: Wand              |       |       |       |     6 |    16 |     1 |    10 |     7 |    10 ||    50
       Phantom mirror    |       |       |       |     1 |     2 |       |       |       |       ||     3
       Tin of tremorston |       |       |       |       |       |       |       |       |     1 ||     1
  Use: Scroll            |       |    11 |     3 |    20 |    10 |     4 |     8 |     8 |    27 ||    91
       Potion            |       |       |     3 |     2 |     1 |       |     1 |     8 |    58 ||    73
 Stab: Sleeping          |     2 |     1 |       |     1 |     1 |       |       |       |       ||     5
       Invisible         |       |       |       |       |       |       |       |       |     1 ||     1
Armor: Robe              |    11 |    18 |    46 |    92 |   214 |    54 |    50 |    33 |    37 ||   555
       Leather armour    |       |       |       |       |       |       |       |    29 |     9 ||    38
       Acid dragon scale |       |       |       |       |       |       |       |    42 |       ||    42
       Skin              |       |       |       |       |       |       |       |       |    56 ||    56
Dodge: Dodged            |    28 |    66 |    82 |   188 |   420 |   135 |   109 |   165 |   151 ||  1344
Block: Buckler           |       |       |       |       |       |       |       |    51 |       ||    51
       Kite shield       |       |       |       |       |       |       |       |       |   296 ||   296
       Reflection        |       |       |       |       |       |       |       |       |    14 ||    14

Table legend: (Time is in decaauts)
 A = Elapsed time spent in this place.
 B = Non-inter-level travel time spent in this place.
 C = Inter-level travel time spent in this place.
 D = Time resting spent in this place.
 E = Time spent auto-exploring this place.
 F = Levels seen in this place.
 G = Mean time per level.
                   A        B        C        D        E       F      G
               +--------+--------+--------+--------+--------+-----+--------+
         Total | 124321 | 103639 |  20682 |  43454 |  27976 |  94 | 1322.6 |
       Dungeon |  28193 |  21257 |   6936 |   6188 |  10684 |  15 | 1879.5 |
        Temple |     49 |     29 |     20 |      0 |      0 |   1 |   49.0 |
          Lair |  13005 |  11076 |   1929 |   4861 |   3172 |   6 | 2167.5 |
         Swamp |   7667 |   6963 |    704 |   3593 |   1730 |   4 | 1916.8 |
     Snake Pit |   6462 |   5828 |    634 |   2613 |    821 |   4 | 1615.5 |
    Slime Pits |   3233 |   2661 |    572 |    517 |   1594 |   5 |  646.6 |
  Orcish Mines |   3934 |   2820 |   1114 |   1470 |    509 |   2 | 1967.0 |
   Elven Halls |   5158 |   4374 |    784 |   1496 |   1543 |   3 | 1719.3 |
        Vaults |  15617 |  12875 |   2742 |   5881 |   3627 |   5 | 3123.4 |
         Crypt |   6088 |   5271 |    817 |   1692 |   1011 |   3 | 2029.3 |
          Tomb |   4640 |   3877 |    763 |   2052 |     54 |   3 | 1546.7 |
        Depths |  10923 |   8696 |   2227 |   4197 |   2159 |   4 | 2730.8 |
          Hell |   1724 |   1298 |    426 |    422 |    292 |   1 | 1724.0 |
           Zot |   8462 |   7453 |   1009 |   3620 |    662 |   5 | 1692.4 |
         Abyss |    535 |    535 |      0 |    149 |      0 |   2 |  267.5 |
      Ziggurat |   4659 |   4659 |      0 |   2610 |     18 |  27 |  172.6 |
        Bailey |    908 |    908 |      0 |    357 |     18 |   1 |  908.0 |
      Ice Cave |   1200 |   1200 |      0 |    821 |      0 |   1 | 1200.0 |
        Wizlab |    870 |    870 |      0 |    365 |     76 |   1 |  870.0 |
      Gauntlet |    987 |    987 |      0 |    546 |      0 |   1 |  987.0 |
               +--------+--------+--------+--------+--------+-----+--------+

Top non-repeatable levels by time:
Vaults:4: 3784 daAuts
Vaults:2: 3668 daAuts
Depths:2: 3583 daAuts
 Swamp:1: 3421 daAuts
 Crypt:3: 3381 daAuts
Vaults:1: 3372 daAuts
  Lair:3: 3241 daAuts
    D:13: 3205 daAuts
Depths:1: 3187 daAuts
Vaults:5: 2999 daAuts
    D:15: 2928 daAuts
Depths:3: 2527 daAuts
 Swamp:4: 2505 daAuts
  Tomb:1: 2447 daAuts
     D:7: 2355 daAuts
